 Dungeon Crawl Stone Soup version 0.32-a0-128-g77eb882913 (webtiles) character file.

Game seed: 248124405898939079

1772807 cforsyth the Quintessent (level 27, 80/215 HPs)
             Began as a Djinni Warper on Feb 7, 2024.
             Was the Champion of Lugonu.
             Escaped with the Orb
             ... and 3 runes on Feb 8, 2024!
             The game lasted 04:57:43 (68805 turns).

cforsyth the Quintessent (Djinni Warper)           Turns: 68805, Time: 04:57:44

Health: 80/215     AC: 23    Str: 24    XL:     27
Gold:   4862       EV: 20    Int: 29    God:    Lugonu [******] SH: 22 Dex: 13

rFire   + + +        a - +9 morningstar (flame)
rCold   + + +        D - +4 kite shield of Qazlal's Indignation {Regen+ Str+5}
rNeg    + . .        I - +4 skin of Zhor {*Englaciate rC+++ SInv}
rPois   ∞            N - +2 helmet
rElec   +            M - +2 cloak
rCorr   .            F - +3 pair of gauntlets of War {Slay+5}
SInv    +            (boots unavailable)
Will    +++..        y - amulet "Oclips" {Reflect rF+ Str+3 SH+5 SInv} Stlth
                     w - ring of Mirth {rPois AC+4 Str+3 SInv Stlth-}
HPRegen 1.35/turn    S - ring "Kiext" {rElec rC+ rN+ Str+3}
MPRegen 0.00/turn

%: reflection
@: flying, hasted, studying 2 skills, very quick
A: sickness immunity, fire resistance 2, cold vulnerability 1, float, innate
caster, HP casting, extra vitality 1, deformed body, deterioration 1,
strong-willed 1
0: Orb of Zot
}: 3/15 runes: serpentine, barnacled, silver
a: Renounce Religion, Depart the Abyss, Banish, Corrupt, Enter the Abyss, Brand
Weapon With Distortion


You escaped.
You worshipped Lugonu.
Lugonu was exalted by your worship.
You visited 11 branches of the dungeon, and saw 50 of its levels.
You also visited: Trove, Sewer, Bailey, Gauntlet, Ice Cave, Wizlab and Desolation.

You collected 8620 gold pieces.
You spent 3758 gold pieces at shops.


Innate Abilities, Weirdness & Mutations

You are immune to sickness and miasma.
You are immune to poison.
Your flesh is very heat resistant. (rF++)
You are vulnerable to cold. (rC-)
You float through the air rather than walking.
You learn spells naturally, not from books.
Your magical power is your life essence.
You have superior vitality. (+4 MHP)
Armour fits poorly on your strangely shaped body.
Your body sometimes deteriorates upon taking damage.
You are strong-willed. (Will+)


   Skills:
 + Level 23.3 Fighting
 - Level 1.7 Long Blades
 - Level 17.5 Maces & Flails
 - Level 0.7 Throwing
 + Level 18.3 Armour
 - Level 18.8 Dodging
 - Level 15.0 Shields
 O Level 27 Spellcasting
 O Level 27 Conjurations
 O Level 27 Hexes
   Level 0.0 Charms
 O Level 27 Summonings
 O Level 27 Necromancy
 O Level 27 Translocations
   Level 0.0 Transmutations
 O Level 27 Fire Magic
 O Level 27 Ice Magic
 O Level 27 Air Magic
 O Level 27 Earth Magic
 O Level 27 Alchemy


You knew the following spells:

 Your Spells              Type           Power      Damage    Failure   Level
a - Animate Dead          Necr           100%       N/A       0%          4
b - Conjure Ball Lightni  Conj/Air       57%        3x3d21    0%          6
c - Summon Cactus Giant   Summ           57%        N/A       0%          6
d - Enfeeble              Hex            57%        N/A       0%          7
e - Infestation           Necr           57%        N/A       1%          8
f - Frozen Ramparts       Ice            100%       1d16      0%          3
g - Polar Vortex          Ice            57%        12d7*     1%          9
i - Iskenderun's Battles  Conj           100%       2d15      0%          5
l - Lesser Beckoning      Tloc           100%       N/A       0%          2
m - Manifold Assault      Tloc           100%       N/A       0%          4
n - Chain Lightning       Conj/Air       57%        3d76      1%          9
p - Spellforged Servitor  Conj/Summ      57%        N/A       0%          7
s - Searing Ray           Conj           100%       2d8       0%          2
t - Teleport Other        Tloc           100%       N/A       0%          3
B - Blink                 Tloc           100%       N/A       0%          2
X - Vhi's Electric Charg  Tloc/Air       100%       N/A       0%          4
Y - Necrotise             Necr           100%       1d9       0%          1
Z - Arcjolt               Conj/Air       57%        1d67      0%          5
Your spell library was empty.

Inventory:

Hand Weapons
 a - a +9 morningstar of flaming (weapon)
 g - a +9 eveningstar of holy wrath
 m - the +11 mace of Jevuxi {drain, rElec}
   (You found it in the Desolation of Salt)

   rElec:     It insulates you from electricity.
Armour
 D - the +4 kite shield of Qazlal's Indignation (worn) {Regen+ Str+5}
   (You took it off a tengu warrior on level 14 of the Dungeon)

   Str+5:     It affects your strength (+5).
   Regen+:    It increases your rate of health regeneration.
 F - the +3 pair of gauntlets of War (worn) {Slay+5}
   (You found it in the Desolation of Salt)

   Slay+5:    It affects your accuracy & damage with ranged weapons and melee
   (+5).
 I - the +4 skin of Zhor (worn) {*Englaciate rC+++ SInv}
   (You found it on level 1 of the Lair of Beasts)

   *Englaciate: It radiates cold, occasionally slowing all nearby creatures who
   are not resistant to cold.
   rC+++:     It renders you almost immune to cold.
   SInv:      It lets you see invisible.
 M - a +2 cloak (worn)
 N - a +2 helmet (worn)
Magical Staves
 z - the staff of Spite {rC+ rN+ MP+9 Int-2 Ice, !a!a}
   (You found it on level 5 of the Vaults)

   [staff of cold]

   Base accuracy: +5 Base damage: 5 Base attack delay: 1.2 This weapon's minimum
   attack delay (0.6) is reached at skill level 12.
   Int-2:     It affects your intelligence (-2).
   rC+:       It protects you from cold.
   rN+:       It protects you from negative energy.
   MP+9:      It affects your magic capacity (+9).
   Ice:       It increases the power of your Ice spells.
   It falls into the 'Staves' category.
   It is a one-handed weapon.
Jewellery
 k - an amulet of regeneration
 o - the ring "Baulaacidi" {+Blink rPois rC++ rCorr Dex-3}
   (You found it in a treasure trove)

   [ring of resist corrosion]

   Dex-3:     It affects your dexterity (-3).
   rC++:      It greatly protects you from cold.
   rPois:     It protects you from poison +Blink: It lets you blink.
   rCorr:     It protects you from acid and corrosion.
 v - the ring of the Invisible Hand {rPois rC++ AC+4 Int-4 Stlth+}
   (You found it in a treasure trove)

   [ring of protection]

   AC+4:      It affects your AC (+4).
   Int-4:     It affects your intelligence (-4).
   rC++:      It greatly protects you from cold.
   rPois:     It protects you from poison Stlth+: It makes you more stealthy.
 w - the ring of Mirth (left hand) {rPois AC+4 Str+3 SInv Stlth-}
   (You bought it in a shop on level 2 of the Orcish Mines)

   [ring of protection]

   AC+4:      It affects your AC (+4).
   Str+3:     It affects your strength (+3).
   rPois:     It protects you from poison SInv: It lets you see invisible.
   Stlth-:    It makes you less stealthy.
 y - the amulet "Oclips" (around neck) {Reflect rF+ Str+3 SH+5 SInv}
   (You found it in a treasure trove)

   [amulet of reflection]

   Reflect:   It reflects blocked missile attacks.
   Str+3:     It affects your strength (+3).
   rF+:       It protects you from fire.
   SInv:      It lets you see invisible.
   SH+5:      It affects your SH (+5).
 R - the ring of Nonniq {rElec rC+ rCorr Str+2 Int+6}
   (You found it in a treasure trove)

   [ring of intelligence]

   Str+2:     It affects your strength (+2).
   Int+6:     It affects your intelligence (+6).
   rC+:       It protects you from cold.
   rElec:     It insulates you from electricity.
   rCorr:     It protects you from acid and corrosion.
 S - the ring "Kiext" (right hand) {rElec rC+ rN+ Str+3}
   (You bought it in a shop on level 3 of the Snake Pit)

   [ring of positive energy]

   Str+3:     It affects your strength (+3).
   rC+:       It protects you from cold.
   rElec:     It insulates you from electricity.
   rN+:       It protects you from negative energy.
 T - the ring of Ereh Hos {Fly rCorr}
   (You found it on level 3 of the Vaults)

   [ring of flight]

   Fly:       It grants you flight.
   rCorr:     It protects you from acid and corrosion.
 W - the ring of Knowledge {rC+ Slay+3 SInv}
   (You found it in a treasure trove)

   [ring of see invisible]

   Slay+3:    It affects your accuracy & damage with ranged weapons and melee
   (+3).
   rC+:       It protects you from cold.
   SInv:      It lets you see invisible.
Wands
 C - a wand of flame (56)
 E - a wand of light (36)
 K - a wand of roots (79)
 L - a wand of charming (57)
 O - a wand of digging (14)
 P - a wand of mindburst (60)
Scrolls
 b - 8 scrolls of enchant armour
 d - 12 scrolls of amnesia
 n - 24 scrolls of teleportation {@r2@r2}
 p - a scroll of blinking
 q - 6 scrolls of immolation
 u - 7 scrolls of vulnerability
 x - 3 scrolls of torment
 G - 7 scrolls of fear
 H - 5 scrolls of fog
 V - 5 scrolls of poison
Potions
 c - a potion of heal wounds {@q2@q2}
 e - 10 potions of magic
 h - 21 potions of curing {@q1@q1}
 i - 12 potions of lignification
 j - 5 potions of resistance
 r - 27 potions of mutation
 s - 13 potions of brilliance
 t - 3 potions of ambrosia
 A - 6 potions of berserk rage {!q!q}
 B - 5 potions of attraction
 J - 4 potions of invisibility
 Q - 12 potions of cancellation
 U - 7 potions of enlightenment
 X - a potion of haste {@q3@q3}
 Y - 8 potions of might
Miscellaneous
 l - a phial of floods

Dungeon Overview and Level Annotations

Branches:
Dungeon (15/15)            Temple (0/1) D:4            Lair (5/5) D:9
 Shoals (4/4) Lair:2        Snake (4/4) Lair:2        Slime (0/5) Lair:4
    Orc (2/2) D:12            Elf (3/3) Orc:2        Vaults (5/5) D:13
  Crypt (2/3) Vaults:3     Depths (4/4) D:15           Hell (visited)
    Zot (5/5) Depths:4      Sewer (visited)          Bailey (visited)
  IceCv (visited)          WizLab (visited)         Desolation (visited)
Gauntlet (visited)
    Dis: Hell:1         Geh: Hell:1         Coc: Hell:1         Tar: Hell:1

Altars:
Ashenzari
Dithmenos
Fedhas
Gozag
Hepliaklqana
Nemelex Xobeh
Qazlal
Ru
Trog
Uskayaw
Wu Jian
Zin
The Shining One
Jiyva
Lugonu

Shops:
D:9 *   Orc:2 [:[!=   Shoals:1 *   Shoals:2 (   Shoals:3 *   Snake:3 =:=
Vaults:3 =   Depths:1 ?*(

Portals:
Hell: Depths:1 Depths:2 Depths:3 Depths:4
Abyss: Zot:1 Depths:2 Depths:3
Pandemonium: Depths:2 Depths:3
Ziggurat: Depths:4

Annotations:
Crypt:2 Grunn
Zot:1 2 transporters, Civybe Ogenn's ghost, legendary DsFi
Zot:3 1 transporter

......##.##.###...###.###........
......##.#.## #...# ##.##....)...
.........#.# ##+## #.######....
......####.# #...# #.##........
###...# #.#####...#####.#........
......###.#≈≈.#...#.≈≈#.#........
.......##.#~≈.#...#.~≈#.#........
..#....##.#~..#...#..~#.#........
###.......'~..'.@.'..4....##.....
# ###...#.#~..#...#..~#.####.....
#.....#.#≈~.#...#.~~#.####.....
#.....#.#≈~.#...#.~≈#.#........
#.....#.#####...#####.#........
#.....##.# #...# #.##...#....
#.#...##.# ##+## #.##...##...
#.###.##.## #...# ##.##...##...
#......##.###...###.###........


You could see an orange demon.


Message History

Unknown command.
Unknown command.
Casting: Chain Lightning (dangerous; 1% risk of failure)
Confirm with . or Enter, or press ? or * to list all spells.
Lightning arcs from your hands!
The bolt of lightning hits the Orb Guardian!!!!
You kill the Orb Guardian!
Lugonu accepts your kill.
* * * LOW HITPOINT WARNING * * *
There is a stone staircase leading up here.
You fly upwards.
There is a stone staircase leading down here.
Okay, then.
A Brimstone Fiend comes into view.
You radiate an aura of cold.
The Brimstone Fiend resists.
You feel yourself speed up.
The Brimstone Fiend calls on the powers of darkness!
Your body is wracked with pain!
* * * LOW HITPOINT WARNING * * *
An orange demon comes into view.
The orange demon screeches!
You hear a grinding noise.
A cacodemon comes into view.
Aiming: Dig
Press: ? - help, Shift-Dir - straight line A rock wall.
This square is covered in magical glow.
The rock shatters into small pieces.
There is an open door here.
There is a staircase leading out of the dungeon here.
You have escaped!

Skill      XL: |  1  2  3  4  5  6  7  8  9 10 11 12 13 14 15 16 17 18 19 20 21 22 23 24 25 26 27 |
---------------+----------------------------------------------------------------------------------+-----
Spellcasting   | 3 4 5 6 7 9 10 11 12 14 15 17 18 19 20 22 23 27 | 27.0
Conjurations   | 3 4 5 6 7 9 10 11 12 14 15 17 18 19 20 22 23 27 | 27.0
Hexes          | 3 4 5 6 7 9 10 11 12 14 15 17 18 19 20 22 23 27 | 27.0
Summonings     | 3 4 5 6 7 9 10 11 12 14 15 17 18 19 20 22 23 27 | 27.0
Necromancy     | 3 4 5 6 7 9 10 11 12 14 15 17 18 19 20 22 23 27 | 27.0
Translocations | 3 4 5 6 7 9 10 11 12 14 15 17 18 19 20 22 23 27 | 27.0
Fire Magic     | 3 4 5 6 7 9 10 11 12 14 15 17 18 19 20 22 23 27 | 27.0
Ice Magic      | 3 4 5 6 7 9 10 11 12 14 15 17 18 19 20 22 23 27 | 27.0
Air Magic      | 3 4 5 6 7 9 10 11 12 14 15 17 18 19 20 22 23 27 | 27.0
Earth Magic    | 3 4 5 6 7 9 10 11 12 14 15 17 18 19 20 22 23 27 | 27.0
Alchemy        | 3 4 5 6 7 9 10 11 12 14 15 17 18 19 20 23 25 26 27 | 27.0
Fighting       | 3 4 5 6 7 9 11 13 14 16 18 19 23 | 23.3
Shields        | 1 5 8 9 10 11 14 15 | 15.0
Dodging        | 3 8 11 12 13 14 16 17 18 | 18.8
Armour         | 5 18 | 18.3
Maces & Flails | 3 7 17 | 17.5
Long Blades    | |  1.7
Throwing       | |  0.7

Action                     |  1- 3 |  4- 6 |  7- 9 | 10-12 | 13-15 | 16-18 | 19-21 | 22-24 | 25-27 || total
---------------------------+-------+-------+-------+-------+-------+-------+-------+-------+-------++-------
  Melee: Falchion          |    51 |     7 |       |     1 |     1 |       |       |       |       ||    60
         Punch             |     1 |       |       |       |     1 |       |       |       |       ||     2
         Staff             |       |       |       |       |       |     1 |       |     2 |       ||     3
         Mace              |       |       |       |       |       |       |       |   674 |  1300 ||  1974
         Morningstar       |       |       |       |       |       |       |       |       |    28 ||    28
   Cast: Blink             |     1 |       |     2 |     2 |     1 |     1 |       |       |     1 ||     8
         Necrotise         |    27 |   115 |       |       |       |       |       |       |       ||   142
         Searing Ray       |       |    27 |    79 |   128 |   217 |    90 |   115 |    53 |     3 ||   712
         Frozen Ramparts   |       |       |    17 |    60 |    87 |    51 |    40 |     1 |     3 ||   259
         Lesser Beckoning  |       |       |     1 |     4 |       |     5 |    20 |     2 |       ||    32
         Animate Dead      |       |       |     1 |       |     1 |       |       |       |       ||     2
         Iskenderun's Batt |       |       |       |    39 |    88 |    53 |    55 |    10 |     6 ||   251
         Arcjolt           |       |       |       |       |   209 |   320 |   222 |    71 |    41 ||   863
         Summon Cactus Gia |       |       |       |       |       |    16 |    16 |    15 |    38 ||    85
         Infestation       |       |       |       |       |       |       |    68 |   206 |   285 ||   559
         Manifold Assault  |       |       |       |       |       |       |       |   333 |   782 ||  1115
         Spellforged Servi |       |       |       |       |       |       |       |     4 |    10 ||    14
         Polar Vortex      |       |       |       |       |       |       |       |       |    20 ||    20
         Conjure Ball Ligh |       |       |       |       |       |       |       |       |     4 ||     4
         Chain Lightning   |       |       |       |       |       |       |       |       |   640 ||   640
  Evoke: Wand              |       |       |       |       |     1 |       |       |       |     1 ||     2
    Use: Scroll            |       |     6 |       |    13 |     7 |    11 |     1 |     8 |    42 ||    88
         Potion            |       |       |       |       |       |     3 |     3 |     6 |    31 ||    43
   Stab: Distracted        |       |       |       |       |       |       |       |     1 |       ||     1
 Armour: Leather armour    |    32 |    75 |    98 |    76 |       |       |       |       |       ||   281
         Troll leather arm |       |       |       |    55 |    69 |       |       |       |       ||   124
         Animal skin       |       |       |       |       |   152 |   212 |   247 |   277 |   637 ||  1525
  Dodge: Dodged            |    38 |    58 |    79 |    89 |   120 |   156 |   139 |   221 |   245 ||  1145
  Block: Buckler           |       |       |       |       |       |    84 |     8 |       |       ||    92
         Kite shield       |       |       |       |       |       |       |   224 |   267 |   292 ||   783
         Reflection        |       |       |       |       |       |       |       |       |     2 ||     2

Levels and vault maps discovered:
D:1:      dpeg_arrival_yet_another_circle, layout_basic, serial_curves,
          eino_curves_04, eino_curves_03, hangedman_decor_riveting,
          serial_park_tiny_1, dreamdust_princess_corridor, feat_on_display
D:2:      layout_basic, ebering_ecumenical_altar_box, minmay_circle_x,
          uniq_robin
D:3:      cheibrodos_old_hovel, layout_loops_cross
D:4:      layout_rooms, overflow_temple_1_default,
          minmay_temple_entry_stoned_glass, gup_sewer_entry_bubbles,
          minmay_misc_feat_doors, grunt_ministairs_3
D:5:      layout_basic, nemelex_altar_shiori, sigmund_army, uniq_grinder
D:6:      layout_basic, mainiacjoe_overflow_alcove_4
D:7:      layout_cave_pools, tso_oasis_becter, grunt_dithmenos_smoke,
          kiku_gazebo_pond_becter, mainiacjoe_overflow_big_doors,
          serial_column_ruins, column_ruins_square_large,
          column_ruins_open_tiny, column_ruins_grid_3, column_ruins_columns_T,
          column_ruins_columns_straight, column_ruins_columns_corner,
          column_ruins_grid_3, minmay_small_thing, uniq_joseph, uniq_pikel,
          uniq_menkaure
D:8:      layout_basic, amcnicky_altar_gilded, minmay_mini_ossuary,
          uniq_maurice, uniq_maggie
D:9:      layout_roguey, nzn_overflow_gifts_of_might_and_magic,
          hellmonk_lair_entry_icy, enter_bailey_3, minmay_misc_feat_tiny,
          nicolae_shop_sticking_my_neck_out
D:10:     layout_rooms, marbit_many_paths, overflow_temple_1_default,
          nicolae_wu_jian_wuxing_cycle, nicolae_vehumet_altar_sigil,
          kennysheep_cluttered_room
D:11:     layout_small_grid, uniq_nergalle
D:12:     layout_long_grid, david_orc_5
D:13:     layout_roguey, david_vaults_3, uniq_jorgrun
D:14:     layout_stronghold, ebering_ghost_reflecting_pool,
          serial_library_hellmonk_open_square, nicolae_doodle_vault, uniq_rupert
D:15:     gammafunk_enter_depths_forms, layout_rooms, serial_ice, serial_ice_g,
          serial_ice_f, serial_ice_d, serial_ice_a, serial_ice_k,
          hangedman_decor_slide_cut
Lair:1:   layout_regular_city, hellmonk_guarded_unrand_zhor
Lair:2:   beast_lair_carwin_large_1, layout_long_grid,
          minmay_shoals_entry_beasts, nicolae_snake_entry_warm_welcome,
          uniq_harold
Lair:3:   layout_small_grid, uniq_amaemon, uniq_urug, uniq_kirke
Lair:4:   layout_roguey, slime_entry_1, basic_altar, uniq_nessos
Lair:5:   minmay_lair_end_frog_pond, layout_cave_pods
Shoals:1: layout_shoals, serial_shops, shop, nicolae_shoals_kraken_intersection
Shoals:2: layout_shoals, serial_shops, shop, nicolae_shoals_kraken_party
Shoals:3: layout_shoals, ebering_ghost_gozag, uniq_ilsuiw
Shoals:4: shoals_end_grunt_ice, layout_shoals
Snake:1:  layout_cave_pods
Snake:2:  layout_rooms, gammafunk_ghost_berserking_beasts, st_stairs_14,
          serial_bayou_shore_b, serial_bayou_shore_b, serial_bayou_shore_b
Snake:3:  layout_cave_shapes, hellmonk_ghost_happy_afterlife, serial_bayou,
          serial_bayou_lagoon_a, serial_bayou_crossing, serial_bayou_pond_d,
          serial_bayou_pond_c, st_stairs_10, minmay_shop_grove,
          serial_bayou_shore_b
Snake:4:  minmay_snake_end_coiled, layout_onion_interference, lemuel_fruit_tree,
          uniq_vashnia
Orc:1:    layout_caves, portal_ice_cave_entry_animals_and_master, basic_altar
Orc:2:    st_orc_elflike, layout_caves, serial_shops, shop,
          gauntlet_entry_generic, special_room, uniq_erolcha
Elf:1:    layout_onion_city, gammafunk_ghost_grave, enter_trove_1,
          nicolae_elf_crossing_hall, nicolae_elf_big_sculpture_1,
          nicolae_concentric_dashed_squares_wild
Elf:2:    nicolae_elf_blades_splatter_lattice [nicolae_blade_entry_antechamber],
          layout_geoelf_diagonals, grunt_megastairs_3
Elf:3:    minmay_elf_hall_curves, layout_gridlike, gammafunk_ghost_ooze,
          corexii_checkpoint
Vaults:1: hangedman_vaults_stagger, nicolae_vaults_wine_cellar,
          vaults_mumra_lcd, hangedman_vaults_impose,
          nicolae_vaults_little_squares_4, nicolae_vaults_house_1,
          nicolae_vaults_diamond_1, nicolae_vaults_more_shelving_2,
          nicolae_vaults_little_squares_2, vaults_dpeg_encased_lava,
          layout_vaults_omnigrid
Vaults:2: portal_desolation_entry_garden, v_misc_24, hangedman_vaults_impose,
          dpeg_vaults_monster_row, nicolae_vaults_diamond_1,
          nicolae_vaults_double_plus_2, nicolae_vaults_more_shelving_1,
          v_misc_27, nicolae_vaults_little_squares_5, nicolae_vaults_little_ls,
          layout_vaults_chaotic_city
Vaults:3: mu_enter_wizlab_3, minmay_crypt_entry_skeletal_spiral,
          nicolae_vaults_what_the_h, serial_ice_g, gammafunk_the_bubble
          [the_bubble_gammafunk_roulette], nicolae_vaults_asterisk,
          nicolae_vaults_windows_and_doors_thing, v_misc_3, v_misc_33,
          vaults_room_octagon, nicolae_vaults_storage_closets_2,
          nicolae_vaults_rhombus_6, v_alt_pattern_4, vaults_mumra_hex,
          layout_vaults_omnibox, serial_shops, shop, uniq_jory, uniq_margery
Vaults:4: gammafunk_ghost_tricky_traps, nicolae_vaults_big_angled_halls,
          nicolae_vaults_meiosis, hangedman_vaults_snaps,
          nicolae_vaults_little_guard_posts, nicolae_vaults_big_ls,
          nicolae_vaults_closet_pinwheel_1, hangedman_vaults_slice, v_misc_23,
          ontoclasm_vaults_hangar, v_rooms_1, vaults_room_large_hall,
          nicolae_vaults_offset_grid_hallway_1, nicolae_vaults_circle_grid_a,
          layout_vaults_maze_bifur, uniq_mennas
Vaults:5
Crypt:1:  layout_gridlike, grunt_crypt_arrival_split
Crypt:2:  layout_rooms, uniq_grunn
Depths:1: layout_gridlike, bh_walls_and_bars,
          ploomutoo_gammafunk_ghost_potion_laboratory, hell_entry,
          lemuel_blue_sif_altar, minmay_shop_star, serial_bayou_shore_b
Depths:2: minmay_the_grid_octo_triangle [minmay_the_grid_octo_odd_swirl,
          minmay_the_grid_octo_prize_square_snowflake,
          minmay_the_grid_octo_toaster], layout_twisted_cross, abyss_entry,
          kennysheep_cross_room, hell_entry, rand_demon_pan_entry_1
Depths:3: grunt_runaround [grunt_runaround_loot, grunt_runaround_doors_1,
          grunt_runaround_doors_2, grunt_runaround_doors_3,
          grunt_runaround_doors_4], abyss_entry, pan_entry, hell_entry
Depths:4: grunt_zot_entry_alcove, layout_cave_pools, enter_ziggurat_e,
          grunt_mini_vestibule
Hell
Zot:1:    layout_concentric_octagons, gammafunk_ghost_abyssal_escape,
          regret_index_zotdec_bone_old, evilmike_ambush
          [evilmike_ambush_outer_corners, evilmike_ambush_inner_basic]
Zot:2:    layout_misc_corridors
Zot:3:    gammafunk_sealed_library, layout_misc_corridors
Zot:4:    layout_gridlike, regret_index_zotdec_barnacled_simple,
          hellmonk_ghost_big_iron, door_vault
Zot:5:    layout_concentric_octagons

Notes
Turn   | Place    | Note
-------+----------+-------------------------------------------
     0 | D:1      | cforsyth the Djinni Warper began the quest for the Orb.
     0 | D:1      | cforsyth set off with the following spells memorised:
                  | Blink, Lesser Beckoning, Teleport Other, Manifold Assault,
                  | Vhi's Electric Charge.
     0 | D:1      | Reached XP level 1. HP: 18/18 MP: 0/0
   100 | D:1      | Reached skill level 3 in Spellcasting
   100 | D:1      | Reached skill level 3 in Conjurations
   100 | D:1      | Reached skill level 3 in Hexes
   100 | D:1      | Reached skill level 3 in Summonings
   100 | D:1      | Reached skill level 3 in Necromancy
   100 | D:1      | Reached skill level 3 in Translocations
   100 | D:1      | Reached skill level 3 in Fire Magic
   100 | D:1      | Reached skill level 3 in Ice Magic
   100 | D:1      | Reached skill level 3 in Air Magic
   100 | D:1      | Reached skill level 3 in Earth Magic
   100 | D:1      | Reached skill level 3 in Alchemy
   193 | D:1      | Reached XP level 2. HP: 23/23 MP: 0/0
   972 | D:2      | Noticed Robin
   997 | D:2      | Reached XP level 3. HP: 29/29 MP: 0/0
   997 | D:2      | Learned a level 1 spell: Necrotise
  1094 | D:2      | Found a faded altar of an unknown god.
  1101 | D:2      | Prayed at the altar of an unknown god.
  1101 | D:2      | Became a worshipper of Lugonu the Unformed
  1101 | D:2      | Reached * piety under Lugonu
  1161 | D:2      | Killed Robin
  1162 | D:2      | Reached skill level 3 in Fighting
  1245 | D:2      | Reached XP level 4. HP: 35/35 MP: 0/0
  1677 | D:2      | Reached ** piety under Lugonu
  1957 | D:3      | Reached XP level 5. HP: 41/41 MP: 0/0
  1957 | D:3      | Learned a level 2 spell: Searing Ray
  2613 | D:4      | Reached skill level 4 in Fighting
  2613 | D:4      | Reached skill level 4 in Spellcasting
  2613 | D:4      | Reached skill level 4 in Conjurations
  2613 | D:4      | Reached skill level 4 in Hexes
  2613 | D:4      | Reached skill level 4 in Summonings
  2613 | D:4      | Reached skill level 4 in Necromancy
  2613 | D:4      | Reached skill level 4 in Translocations
  2613 | D:4      | Reached skill level 4 in Fire Magic
  2613 | D:4      | Reached skill level 4 in Ice Magic
  2613 | D:4      | Reached skill level 4 in Air Magic
  2613 | D:4      | Reached skill level 4 in Earth Magic
  2613 | D:4      | Reached skill level 4 in Alchemy
  2628 | D:4      | Reached XP level 6. HP: 43/47 MP: 0/0
  2630 | D:4      | Reached *** piety under Lugonu
  2631 | D:4      | Found a staircase to the Ecumenical Temple.
  2729 | D:4      | Found a blossoming altar of Fedhas.
  2784 | D:4      | Found a glowing drain.
  2793 | Sewer    | Entered a sewer
  2838 | Sewer    | Reached skill level 5 in Fighting
  2877 | Sewer    | Reached **** piety under Lugonu
  2901 | Sewer    | Reached XP level 7. HP: 43/54 MP: 0/0
  2901 | Sewer    | Learned a level 3 spell: Frozen Ramparts
  3570 | D:4      | Reached skill level 5 in Spellcasting
  3570 | D:4      | Reached skill level 5 in Conjurations
  3570 | D:4      | Reached skill level 5 in Hexes
  3570 | D:4      | Reached skill level 5 in Summonings
  3570 | D:4      | Reached skill level 5 in Necromancy
  3570 | D:4      | Reached skill level 5 in Translocations
  3570 | D:4      | Reached skill level 5 in Fire Magic
  3570 | D:4      | Reached skill level 5 in Ice Magic
  3570 | D:4      | Reached skill level 5 in Air Magic
  3570 | D:4      | Reached skill level 5 in Earth Magic
  3570 | D:4      | Reached skill level 5 in Alchemy
  3690 | D:5      | Entered Level 5 of the Dungeon
  3702 | D:5      | Noticed Grinder
  3706 | D:5      | Paralysed by Grinder for 2 turns
  3727 | D:5      | Killed Grinder
  3728 | D:5      | Reached skill level 6 in Fighting
  3728 | D:5      | Reached XP level 8. HP: 57/61 MP: 0/0
  4083 | D:5      | Reached skill level 7 in Fighting
  4268 | D:5      | Reached skill level 6 in Spellcasting
  4268 | D:5      | Reached skill level 6 in Conjurations
  4268 | D:5      | Reached skill level 6 in Hexes
  4268 | D:5      | Reached skill level 6 in Summonings
  4268 | D:5      | Reached skill level 6 in Necromancy
  4268 | D:5      | Reached skill level 6 in Translocations
  4268 | D:5      | Reached skill level 6 in Fire Magic
  4268 | D:5      | Reached skill level 6 in Ice Magic
  4268 | D:5      | Reached skill level 6 in Air Magic
  4268 | D:5      | Reached skill level 6 in Earth Magic
  4268 | D:5      | Reached skill level 6 in Alchemy
  4335 | D:5      | Noticed Sigmund
  4341 | D:5      | Killed Sigmund
  4456 | D:5      | Reached XP level 9. HP: 59/70 MP: 0/0
  4456 | D:5      | Learned a level 4 spell: Animate Dead
  4474 | D:5      | Found a sparkling altar of Nemelex Xobeh.
  4633 | D:6      | Found a stormy altar of Qazlal.
  4708 | D:6      | Reached ***** piety under Lugonu
  4709 | D:6      | Reached skill level 8 in Fighting
  5283 | D:7      | Reached skill level 7 in Spellcasting
  5283 | D:7      | Reached skill level 7 in Conjurations
  5283 | D:7      | Reached skill level 7 in Hexes
  5283 | D:7      | Reached skill level 7 in Summonings
  5283 | D:7      | Reached skill level 7 in Necromancy
  5283 | D:7      | Reached skill level 7 in Translocations
  5283 | D:7      | Reached skill level 7 in Fire Magic
  5283 | D:7      | Reached skill level 7 in Ice Magic
  5283 | D:7      | Reached skill level 7 in Air Magic
  5283 | D:7      | Reached skill level 7 in Earth Magic
  5283 | D:7      | Reached skill level 7 in Alchemy
  5329 | D:7      | Noticed Menkaure
  5384 | D:7      | Killed Menkaure
  5445 | D:6      | Reached skill level 9 in Fighting
  5709 | D:7      | Noticed Joseph
  5794 | D:7      | HP: 6/72 [Joseph/+0 quarterstaff (5)]
  5796 | D:7      | Killed Joseph
  5885 | D:7      | Found a hide-covered altar of Uskayaw.
  5901 | D:7      | Noticed Pikel
  6217 | D:6      | Reached XP level 10. HP: 73/79 MP: 0/0
  6304 | D:7      | Found a shadowy altar of Dithmenos.
  6434 | D:7      | Reached skill level 10 in Fighting
  6487 | D:7      | Reached skill level 8 in Spellcasting
  6487 | D:7      | Reached skill level 8 in Conjurations
  6487 | D:7      | Reached skill level 8 in Hexes
  6487 | D:7      | Reached skill level 8 in Summonings
  6487 | D:7      | Reached skill level 8 in Necromancy
  6487 | D:7      | Reached skill level 8 in Translocations
  6487 | D:7      | Reached skill level 8 in Fire Magic
  6487 | D:7      | Reached skill level 8 in Ice Magic
  6487 | D:7      | Reached skill level 8 in Air Magic
  6487 | D:7      | Reached skill level 8 in Earth Magic
  6487 | D:7      | Reached skill level 8 in Alchemy
  6576 | D:7      | Killed Pikel
  6805 | D:7      | Found a hazy altar of Hepliaklqana.
  6823 | D:7      | Found a glowing golden altar of the Shining One.
  6965 | D:8      | Noticed Maurice
  6978 | D:8      | Maurice stole a ring of protection from fire
  6983 | D:8      | Killed Maurice
  7102 | D:8      | Noticed Maggie
  7111 | D:8      | Killed Maggie
  7112 | D:8      | Reached skill level 11 in Fighting
  7223 | D:8      | Found a sacrificial altar of Ru.
  7870 | D:8      | Reached skill level 9 in Spellcasting
  7870 | D:8      | Reached skill level 9 in Conjurations
  7870 | D:8      | Reached skill level 9 in Hexes
  7870 | D:8      | Reached skill level 9 in Summonings
  7870 | D:8      | Reached skill level 9 in Necromancy
  7870 | D:8      | Reached skill level 9 in Translocations
  7870 | D:8      | Reached skill level 9 in Fire Magic
  7870 | D:8      | Reached skill level 9 in Ice Magic
  7870 | D:8      | Reached skill level 9 in Air Magic
  7870 | D:8      | Reached skill level 9 in Earth Magic
  7870 | D:8      | Reached skill level 9 in Alchemy
  8311 | D:9      | Identified a scroll of acquirement
  8335 | D:9      | Reached XP level 11. HP: 71/87 MP: 0/0
  8335 | D:9      | Learned a level 5 spell: Iskenderun's Battlesphere
  8412 | D:9      | Noticed a two-headed ogre
  8436 | D:9      | Killed a two-headed ogre
  8440 | D:9      | Found a flagged portal.
  8445 | Bailey   | Entered a bailey
  8516 | Bailey   | Reached skill level 12 in Fighting
  8586 | Bailey   | Noticed Prince Ribbit
  8596 | Bailey   | Killed Prince Ribbit
  8614 | Bailey   | Noticed a vault guard
  8614 | Bailey   | Noticed a vault guard
  8644 | Bailey   | Killed a vault guard
  8700 | Bailey   | Killed a vault guard
  8701 | Bailey   | Reached skill level 10 in Spellcasting
  8701 | Bailey   | Reached skill level 10 in Conjurations
  8701 | Bailey   | Reached skill level 10 in Hexes
  8701 | Bailey   | Reached skill level 10 in Summonings
  8701 | Bailey   | Reached skill level 10 in Necromancy
  8701 | Bailey   | Reached skill level 10 in Translocations
  8701 | Bailey   | Reached skill level 10 in Fire Magic
  8701 | Bailey   | Reached skill level 10 in Ice Magic
  8701 | Bailey   | Reached skill level 10 in Air Magic
  8701 | Bailey   | Reached skill level 10 in Earth Magic
  8701 | Bailey   | Reached skill level 10 in Alchemy
  8972 | D:9      | Found a bloodstained altar of Trog.
  8979 | D:9      | Reached skill level 13 in Fighting
  9065 | D:9      | Found a staircase to the Lair.
  9074 | D:9      | Reached ****** piety under Lugonu
  9163 | D:9      | Found Aty Viki's Neck Hole.
  9213 | D:9      | Reached XP level 12. HP: 77/98 MP: 0/0
  9514 | D:10     | Entered Level 10 of the Dungeon
  9629 | D:10     | Found an ornate altar of the Wu Jian Council.
  9745 | D:10     | Noticed a boulder beetle
  9771 | D:10     | Killed a boulder beetle
  9861 | D:10     | Found a glowing silver altar of Zin.
  9929 | D:10     | Noticed a two-headed ogre
  9944 | D:10     | Killed a two-headed ogre
  9972 | D:10     | Found a broken altar of Ashenzari.
 10269 | D:10     | Acquired 1105 gold pieces
 10281 | D:11     | Noticed a two-headed ogre
 10619 | D:11     | Killed a two-headed ogre
 10620 | D:11     | Reached skill level 14 in Fighting
 10620 | D:11     | Reached skill level 11 in Spellcasting
 10620 | D:11     | Reached skill level 11 in Conjurations
 10620 | D:11     | Reached skill level 11 in Hexes
 10620 | D:11     | Reached skill level 11 in Summonings
 10620 | D:11     | Reached skill level 11 in Necromancy
 10620 | D:11     | Reached skill level 11 in Translocations
 10620 | D:11     | Reached skill level 11 in Fire Magic
 10620 | D:11     | Reached skill level 11 in Ice Magic
 10620 | D:11     | Reached skill level 11 in Air Magic
 10620 | D:11     | Reached skill level 11 in Earth Magic
 10620 | D:11     | Reached skill level 11 in Alchemy
 10947 | D:11     | Noticed Nergalle
 11224 | D:11     | Noticed a two-headed ogre
 11230 | D:11     | Killed a two-headed ogre
 11544 | D:11     | Killed Nergalle
 12324 | D:12     | Noticed a centaur warrior
 12338 | D:12     | Killed a centaur warrior
 12339 | D:12     | Reached XP level 13. HP: 85/106 MP: 0/0
 12339 | D:12     | Learned a level 5 spell: Arcjolt
 12438 | D:12     | Noticed a rakshasa
 12470 | D:12     | Killed a rakshasa
 12471 | D:12     | Reached skill level 15 in Fighting
 12732 | D:12     | Found a staircase to the Orcish Mines.
 12821 | Lair:1   | Entered Level 1 of the Lair of Beasts
 12890 | Lair:1   | Reached skill level 12 in Spellcasting
 12890 | Lair:1   | Reached skill level 12 in Conjurations
 12890 | Lair:1   | Reached skill level 12 in Hexes
 12890 | Lair:1   | Reached skill level 12 in Summonings
 12890 | Lair:1   | Reached skill level 12 in Necromancy
 12890 | Lair:1   | Reached skill level 12 in Translocations
 12890 | Lair:1   | Reached skill level 12 in Fire Magic
 12890 | Lair:1   | Reached skill level 12 in Ice Magic
 12890 | Lair:1   | Reached skill level 12 in Air Magic
 12890 | Lair:1   | Reached skill level 12 in Earth Magic
 12890 | Lair:1   | Reached skill level 12 in Alchemy
 12955 | Lair:1   | Found the +4 skin of Zhor {*Englaciate rC+++ SInv}
 13767 | Lair:2   | Noticed Harold
 13780 | Lair:2   | Killed Harold
 13896 | Lair:2   | Reached skill level 16 in Fighting
 14265 | Lair:1   | Identified 2 potions of experience
 14598 | Lair:2   | Found a staircase to the Snake Pit.
 14874 | Lair:2   | Reached XP level 14. HP: 102/117 MP: 0/0
 14998 | Lair:2   | Reached skill level 13 in Spellcasting
 14998 | Lair:2   | Reached skill level 13 in Conjurations
 14998 | Lair:2   | Reached skill level 13 in Hexes
 14998 | Lair:2   | Reached skill level 13 in Summonings
 14998 | Lair:2   | Reached skill level 13 in Necromancy
 14998 | Lair:2   | Reached skill level 13 in Translocations
 14998 | Lair:2   | Reached skill level 13 in Fire Magic
 14998 | Lair:2   | Reached skill level 13 in Ice Magic
 14998 | Lair:2   | Reached skill level 13 in Air Magic
 14998 | Lair:2   | Reached skill level 13 in Earth Magic
 14998 | Lair:2   | Reached skill level 13 in Alchemy
 15038 | Lair:2   | Found a staircase to the Shoals.
 15466 | Lair:3   | Noticed Amaemon
 15658 | Lair:3   | Reached skill level 17 in Fighting
 15742 | Lair:3   | Killed Amaemon
 15806 | Lair:3   | Noticed Kirke
 16086 | Lair:3   | Killed Kirke
 16377 | Lair:3   | Identified 2 potions of resistance
 16833 | Lair:4   | Found a viscous altar of Jiyva.
 16833 | Lair:4   | Found a staircase to the Slime Pits.
 17044 | Lair:4   | Found a broken altar of Ashenzari.
 17227 | Lair:5   | Entered Level 5 of the Lair of Beasts
 17345 | Lair:5   | Reached skill level 14 in Spellcasting
 17345 | Lair:5   | Reached skill level 14 in Conjurations
 17345 | Lair:5   | Reached skill level 14 in Hexes
 17345 | Lair:5   | Reached skill level 14 in Summonings
 17345 | Lair:5   | Reached skill level 14 in Necromancy
 17345 | Lair:5   | Reached skill level 14 in Translocations
 17345 | Lair:5   | Reached skill level 14 in Fire Magic
 17345 | Lair:5   | Reached skill level 14 in Ice Magic
 17345 | Lair:5   | Reached skill level 14 in Air Magic
 17345 | Lair:5   | Reached skill level 14 in Earth Magic
 17345 | Lair:5   | Reached skill level 14 in Alchemy
 17347 | Lair:5   | Reached skill level 18 in Fighting
 17422 | Lair:5   | Reached XP level 15. HP: 110/126 MP: 0/0
 17422 | Lair:5   | Learned a level 6 spell: Conjure Ball Lightning
 18283 | Lair:5   | Reached skill level 19 in Fighting
 18454 | Lair:5   | Identified the +7 fire dragon scales of Inference {rPois
                  | rF++ rC-}
 19105 | Orc:1    | Entered Level 1 of the Orcish Mines
 19164 | Orc:1    | Found a frozen archway.
 19206 | IceCv    | Entered an ice cave
 19397 | IceCv    | Identified the staff "Okhlyablu" {rPois rF+ rCorr Str+2
                  | Dex-5 Fire}
 19697 | IceCv    | Reached skill level 15 in Spellcasting
 19697 | IceCv    | Reached skill level 15 in Conjurations
 19697 | IceCv    | Reached skill level 15 in Hexes
 19697 | IceCv    | Reached skill level 15 in Summonings
 19697 | IceCv    | Reached skill level 15 in Necromancy
 19697 | IceCv    | Reached skill level 15 in Translocations
 19697 | IceCv    | Reached skill level 15 in Fire Magic
 19697 | IceCv    | Reached skill level 15 in Ice Magic
 19697 | IceCv    | Reached skill level 15 in Air Magic
 19697 | IceCv    | Reached skill level 15 in Earth Magic
 19697 | IceCv    | Reached skill level 15 in Alchemy
 20057 | Orc:1    | Reached skill level 1 in Shields
 20271 | Orc:2    | Entered Level 2 of the Orcish Mines
 20271 | Orc:2    | Found a staircase to the Elven Halls.
 20273 | Orc:2    | Noticed an orc warlord
 20321 | Orc:2    | Noticed Erolcha
 20324 | Orc:2    | Killed Erolcha
 20335 | Orc:2    | Reached skill level 3 in Dodging
 20335 | Orc:2    | Reached XP level 16. HP: 93/135 MP: 0/0
 20348 | Orc:2    | Found Rasytwyl's Antique Armour Shoppe.
 20368 | Orc:2    | Found a gate leading to a gauntlet.
 20383 | Gauntlet | Entered a Gauntlet
 20383 | Gauntlet | Found a runed translucent door.
 20383 | Gauntlet | Found a transporter.
 20383 | Gauntlet | Found a runed translucent door.
 20383 | Gauntlet | Found a transporter.
 20415 | Gauntlet | Found a transporter.
 20419 | Gauntlet | Found a transporter.
 20427 | Gauntlet | Found a transporter.
 20432 | Gauntlet | Found a transporter.
 20441 | Gauntlet | Found a transporter.
 20460 | Gauntlet | Found a transporter.
 20480 | Gauntlet | Found a transporter.
 20481 | Gauntlet | Found a transporter.
 20489 | Gauntlet | Found a transporter.
 20493 | Gauntlet | Found a transporter.
 20656 | Gauntlet | Reached skill level 2 in Shields
 20709 | Gauntlet | Identified the ring of Paacseash {Ice rN+ Will+ MP+9 Str-5}
 20732 | Gauntlet | Reached skill level 4 in Dodging
 20988 | Orc:2    | Reached skill level 3 in Shields
 21434 | Orc:2    | Reached skill level 5 in Dodging
 21434 | Orc:2    | Reached skill level 4 in Shields
 21752 | Orc:2    | Found Pureb's Jewellery Shop.
 21805 | Orc:2    | Found Kil Ots's Distillery.
 21810 | Orc:2    | Bought a potion of heal wounds for 85 gold pieces
 21810 | Orc:2    | Bought a potion of cancellation for 136 gold pieces
 21810 | Orc:2    | Bought a potion of mutation for 136 gold pieces
 21810 | Orc:2    | Found Agrobab's Antique Armour Shoppe.
 21812 | Orc:2    | Found Gafi's Book Shop.
 21818 | Orc:2    | Bought a pair of embroidered gloves for 262 gold pieces
 21818 | Orc:2    | Bought an ancient ring mail for 315 gold pieces
 21818 | Orc:2    | Identified the +4 ring mail of Agnosticism {rF+ Regen+}
                  | (You bought it in a shop on level 2 of the Orcish Mines)
 21870 | Orc:2    | Bought the ring of Mirth {rPois AC+4 Str+3 SInv Stlth-} for
                  | 675 gold pieces
 22140 | D:13     | Noticed Jorgrun
 22145 | D:13     | Killed Jorgrun
 22373 | D:13     | Noticed Urug
 22389 | D:13     | Killed Urug
 22403 | D:13     | Noticed Lodul
 22406 | D:13     | Killed Lodul
 22407 | D:13     | Reached skill level 6 in Dodging
 22436 | D:13     | Reached skill level 5 in Shields
 22443 | D:13     | Noticed Nessos
 22448 | D:13     | Killed Nessos
 22561 | D:13     | Found a gate to the Vaults.
 22687 | D:13     | Reached skill level 7 in Dodging
 23598 | D:14     | Reached skill level 8 in Dodging
 23678 | D:14     | Identified the +4 kite shield of Qazlal's Indignation
                  | {Regen+ Str+5}
 23781 | D:14     | Identified a scarf of resistance
 23804 | D:14     | Reached XP level 17. HP: 102/141 MP: 0/0
 23804 | D:14     | Learned a level 6 spell: Summon Cactus Giant
 24069 | D:14     | Reached skill level 16 in Spellcasting
 24069 | D:14     | Reached skill level 16 in Conjurations
 24069 | D:14     | Reached skill level 16 in Hexes
 24069 | D:14     | Reached skill level 16 in Summonings
 24069 | D:14     | Reached skill level 16 in Necromancy
 24069 | D:14     | Reached skill level 16 in Translocations
 24069 | D:14     | Reached skill level 16 in Fire Magic
 24069 | D:14     | Reached skill level 16 in Ice Magic
 24069 | D:14     | Reached skill level 16 in Air Magic
 24069 | D:14     | Reached skill level 16 in Earth Magic
 24069 | D:14     | Reached skill level 16 in Alchemy
 24141 | D:14     | Noticed Rupert
 24143 | D:14     | Paralysed by Rupert for 2 turns
 24156 | D:14     | Killed Rupert
 24346 | D:14     | Found a runed translucent door.
 24348 | D:14     | Noticed Sarer's ghost (journeyman MiBe)
 24358 | D:15     | Entered Level 15 of the Dungeon
 24362 | D:15     | Reached skill level 9 in Dodging
 24832 | D:15     | Found a staircase to the Depths.
 24916 | D:15     | Reached skill level 10 in Dodging
 25409 | Snake:1  | Entered Level 1 of the Snake Pit
 26418 | Snake:2  | Reached skill level 11 in Dodging
 26444 | Snake:2  | Reached skill level 17 in Spellcasting
 26444 | Snake:2  | Reached skill level 17 in Conjurations
 26444 | Snake:2  | Reached skill level 17 in Hexes
 26444 | Snake:2  | Reached skill level 17 in Summonings
 26444 | Snake:2  | Reached skill level 17 in Necromancy
 26444 | Snake:2  | Reached skill level 17 in Translocations
 26444 | Snake:2  | Reached skill level 17 in Fire Magic
 26444 | Snake:2  | Reached skill level 17 in Ice Magic
 26444 | Snake:2  | Reached skill level 17 in Air Magic
 26444 | Snake:2  | Reached skill level 17 in Earth Magic
 26444 | Snake:2  | Reached skill level 17 in Alchemy
 26877 | Snake:2  | Noticed Wyifuy's ghost (adept MiFi)
 26888 | Snake:2  | Found a transporter.
 26980 | Snake:2  | Found a transporter.
 27123 | Snake:3  | Reached XP level 18. HP: 113/148 MP: 0/0
 27728 | Snake:3  | Reached skill level 8 in Shields
 27728 | Snake:3  | Reached XP level 19. HP: 135/154 MP: 0/0
 27728 | Snake:3  | Learned a level 7 spell: Enfeeble
 28056 | Snake:3  | Found a runed translucent door.
 28056 | Snake:3  | Noticed Oneirical's ghost (adept FeFi)
 28091 | Snake:3  | Reached skill level 12 in Dodging
 28340 | Snake:3  | Found Puvuwi's Jewellery Emporium.
 28340 | Snake:3  | Found Nuuntin's Book Boutique.
 28350 | Snake:3  | Found Fedwant's Jewellery Emporium.
 28364 | Snake:3  | Bought the ring "Kiext" {rElec rC+ rN+ Str+3} for 662 gold
                  | pieces
 29253 | Snake:4  | Entered Level 4 of the Snake Pit
 29575 | Snake:4  | Reached skill level 9 in Shields
 30050 | Snake:4  | Reached skill level 18 in Spellcasting
 30050 | Snake:4  | Reached skill level 18 in Conjurations
 30050 | Snake:4  | Reached skill level 18 in Hexes
 30050 | Snake:4  | Reached skill level 18 in Summonings
 30050 | Snake:4  | Reached skill level 18 in Necromancy
 30050 | Snake:4  | Reached skill level 18 in Translocations
 30050 | Snake:4  | Reached skill level 18 in Fire Magic
 30050 | Snake:4  | Reached skill level 18 in Ice Magic
 30050 | Snake:4  | Reached skill level 18 in Air Magic
 30050 | Snake:4  | Reached skill level 18 in Earth Magic
 30050 | Snake:4  | Reached skill level 18 in Alchemy
 30246 | Snake:4  | Noticed Vashnia
 30255 | Snake:4  | Killed Vashnia
 30382 | Snake:4  | Reached XP level 20. HP: 137/160 MP: 0/0
 30389 | Snake:4  | Reached skill level 13 in Dodging
 30537 | Snake:4  | Identified a +2 kite shield of resistance
 30559 | Snake:4  | Identified the +6 chain mail "Regu Puo" {rN+ Str+3 Dex+3
                  | Stlth-}
 30573 | Snake:4  | Got a serpentine rune of Zot
 30825 | Snake:4  | Reached skill level 10 in Shields
 31248 | Snake:3  | Killed Oneirical's ghost
 31662 | Snake:2  | Killed Wyifuy's ghost
 31686 | Snake:2  | Identified the +9 sling of the Cursing Badger {antimagic,
                  | rC+ Str+3}
 31710 | Snake:2  | Identified the +7 hand axe of Wecugos Tyck {heavy, rPois}
 31717 | Snake:2  | Identified the +0 hat of the Lumpy Wishes {rPois Stlth+}
 31985 | D:14     | Killed Sarer's ghost
 32177 | Shoals:1 | Entered Level 1 of the Shoals
 32179 | Shoals:1 | Found Qumuywn's General Store.
 32194 | Shoals:1 | Bought a scroll of teleportation for 48 gold pieces
 32194 | Shoals:1 | Bought a scroll of fear for 64 gold pieces
 32194 | Shoals:1 | Bought a potion of haste for 160 gold pieces
 32231 | Shoals:1 | Reached skill level 5 in Armour
 32231 | Shoals:1 | Reached XP level 21. HP: 165/166 MP: 0/0
 32231 | Shoals:1 | Learned a level 8 spell: Infestation
 33075 | Shoals:2 | Reached skill level 14 in Dodging
 33209 | Shoals:2 | Found Tuiss's Weapon Shoppe.
 33771 | Shoals:3 | Found a runed translucent gate.
 33771 | Shoals:3 | Found a runed translucent gate.
 33771 | Shoals:3 | Found a runed translucent gate.
 33774 | Shoals:3 | Found an opulent altar of Gozag.
 33776 | Shoals:3 | Noticed promet's ghost (adept DEAl)
 33782 | Shoals:3 | Reached skill level 19 in Spellcasting
 33782 | Shoals:3 | Reached skill level 19 in Conjurations
 33782 | Shoals:3 | Reached skill level 19 in Hexes
 33782 | Shoals:3 | Reached skill level 19 in Summonings
 33782 | Shoals:3 | Reached skill level 19 in Necromancy
 33782 | Shoals:3 | Reached skill level 19 in Translocations
 33782 | Shoals:3 | Reached skill level 19 in Fire Magic
 33782 | Shoals:3 | Reached skill level 19 in Ice Magic
 33782 | Shoals:3 | Reached skill level 19 in Air Magic
 33782 | Shoals:3 | Reached skill level 19 in Earth Magic
 33782 | Shoals:3 | Reached skill level 19 in Alchemy
 33789 | Shoals:3 | Found Ryurph's Assorted Antiques.
 33876 | Shoals:3 | Killed promet's ghost
 34010 | Shoals:3 | Noticed Ilsuiw
 34044 | Shoals:3 | Killed Ilsuiw
 34203 | Shoals:3 | Bought a potion of cancellation for 240 gold pieces
 34203 | Shoals:3 | Bought a scroll of teleportation for 90 gold pieces
 34203 | Shoals:3 | Bought a potion of curing for 90 gold pieces
 34695 | Shoals:4 | Entered Level 4 of the Shoals
 34833 | Shoals:4 | HP: 14/166 [barbs]
 34979 | Shoals:4 | Identified the ring "Earthly Heaven" {rElec MP+9 Str+6}
 34988 | Shoals:4 | Reached XP level 22. HP: 173/173 MP: 0/0
 35321 | Shoals:4 | Reached skill level 15 in Dodging
 35784 | Shoals:4 | Got a barnacled rune of Zot
 36163 | Vaults:1 | Entered Level 1 of the Vaults
 36264 | Vaults:1 | Reached skill level 20 in Spellcasting
 36264 | Vaults:1 | Reached skill level 20 in Conjurations
 36264 | Vaults:1 | Reached skill level 20 in Hexes
 36264 | Vaults:1 | Reached skill level 20 in Summonings
 36264 | Vaults:1 | Reached skill level 20 in Necromancy
 36264 | Vaults:1 | Reached skill level 20 in Translocations
 36264 | Vaults:1 | Reached skill level 20 in Fire Magic
 36264 | Vaults:1 | Reached skill level 20 in Ice Magic
 36264 | Vaults:1 | Reached skill level 20 in Air Magic
 36264 | Vaults:1 | Reached skill level 20 in Earth Magic
 36264 | Vaults:1 | Reached skill level 20 in Alchemy
 37410 | Vaults:2 | Found a crumbling gateway.
 37473 | Desolati | Entered the Desolation of Salt
 37504 | Desolati | Reached skill level 16 in Dodging
 37558 | Desolati | Identified the +5 long sword "Djinni's Doom" {vamp, rPois
                  | rF+++ Dex-5 Stlth+}
 37671 | Desolati | Reached XP level 23. HP: 164/178 MP: 0/0
 37671 | Desolati | Learned a level 7 spell: Spellforged Servitor
 37773 | Desolati | Found the +3 pair of gauntlets of War {Slay+5}
 38054 | Desolati | Identified the +11 mace of Jevuxi {drain, rElec}
 38057 | Desolati | Identified the +0 leather armour "Teott" {rC++ Int+3}
 38058 | Desolati | Identified the +6 scale mail "Cilony" {Dex+3}
 38473 | Vaults:2 | Reached skill level 21 in Alchemy
 38665 | Vaults:2 | Reached skill level 21 in Spellcasting
 38665 | Vaults:2 | Reached skill level 21 in Conjurations
 38665 | Vaults:2 | Reached skill level 21 in Hexes
 38665 | Vaults:2 | Reached skill level 21 in Summonings
 38665 | Vaults:2 | Reached skill level 21 in Necromancy
 38665 | Vaults:2 | Reached skill level 21 in Translocations
 38665 | Vaults:2 | Reached skill level 21 in Fire Magic
 38665 | Vaults:2 | Reached skill level 21 in Ice Magic
 38665 | Vaults:2 | Reached skill level 21 in Air Magic
 38665 | Vaults:2 | Reached skill level 21 in Earth Magic
 39631 | Vaults:3 | Noticed Jory
 39639 | Vaults:3 | Reached skill level 17 in Dodging
 39640 | Vaults:3 | Killed Jory
 39660 | Vaults:3 | Found a magical portal.
 39708 | Vaults:3 | Reached skill level 22 in Alchemy
 39725 | Vaults:3 | You are sucked into a shaft and drop 1 floor!
 39808 | WizLab   | Entered Wucad Mu's Monastery
 40065 | WizLab   | Found the crystal ball of Wucad Mu {*channel}
 40858 | Vaults:3 | Found Xeimn's Jewellery Shoppe.
 41057 | Vaults:3 | Found a transporter.
 41075 | Vaults:3 | Found a transporter.
 41075 | Vaults:3 | Found a transporter.
 41091 | Vaults:3 | Found a transporter.
 41093 | Vaults:3 | Found a transporter.
 41519 | Vaults:3 | Reached skill level 23 in Alchemy
 41526 | Vaults:3 | Reached skill level 22 in Spellcasting
 41526 | Vaults:3 | Reached skill level 22 in Conjurations
 41526 | Vaults:3 | Reached skill level 22 in Hexes
 41526 | Vaults:3 | Reached skill level 22 in Summonings
 41526 | Vaults:3 | Reached skill level 22 in Necromancy
 41526 | Vaults:3 | Reached skill level 22 in Translocations
 41526 | Vaults:3 | Reached skill level 22 in Fire Magic
 41526 | Vaults:3 | Reached skill level 22 in Ice Magic
 41526 | Vaults:3 | Reached skill level 22 in Air Magic
 41526 | Vaults:3 | Reached skill level 22 in Earth Magic
 41551 | Vaults:3 | Found a staircase to the Crypt.
 41619 | Vaults:4 | Reached XP level 24. HP: 135/184 MP: 0/0
 41671 | Vaults:4 | Reached skill level 18 in Dodging
 42245 | Vaults:4 | Found a runed translucent gate.
 42245 | Vaults:4 | Found a runed translucent gate.
 42245 | Vaults:4 | Found a runed translucent gate.
 42247 | Vaults:4 | Noticed zenocrate's ghost (veteran KoDe)
 42449 | Vaults:4 | Noticed Mennas
 42755 | Vaults:4 | Reached skill level 11 in Shields
 42755 | Vaults:4 | Reached XP level 25. HP: 191/191 MP: 0/0
 42755 | Vaults:4 | Learned a level 9 spell: Polar Vortex
 42800 | Vaults:4 | Reached skill level 24 in Alchemy
 42811 | Vaults:4 | HP: 13/191 [Mennas/+5 eudemon blade of holy wrath (28)]
 42838 | Vaults:4 | Killed Mennas
 42974 | Vaults:4 | HP: 19/191 [vault warden/+2 great sword of holy wrath (44)]
 43531 | Vaults:4 | Killed zenocrate's ghost
 43550 | Vaults:4 | Identified the +1 hat "Hero's Friend" {Dex+4}
 43796 | Vaults:3 | Identified the +4 short sword "Waoni" {antimagic, rElec}
 43820 | Vaults:3 | Identified the ring of Ereh Hos {Fly rCorr}
 44037 | Elf:1    | Entered Level 1 of the Elven Halls
 44234 | Elf:1    | Identified the +0 robe "Yhouqiv" {Harm rPois}
 44526 | Elf:1    | Reached skill level 1 in Maces & Flails
 44662 | Elf:1    | Found a runed translucent door.
 44662 | Elf:1    | Noticed zeratav's ghost (journeyman OnWr)
 44906 | Elf:1    | Found a portal to a secret trove of treasure.
 45271 | Elf:1    | Killed zeratav's ghost
 45425 | Elf:2    | Reached skill level 2 in Maces & Flails
 45501 | Elf:2    | Reached skill level 23 in Spellcasting
 45501 | Elf:2    | Reached skill level 23 in Conjurations
 45501 | Elf:2    | Reached skill level 23 in Hexes
 45501 | Elf:2    | Reached skill level 23 in Summonings
 45501 | Elf:2    | Reached skill level 23 in Necromancy
 45501 | Elf:2    | Reached skill level 23 in Translocations
 45501 | Elf:2    | Reached skill level 23 in Fire Magic
 45501 | Elf:2    | Reached skill level 23 in Ice Magic
 45501 | Elf:2    | Reached skill level 23 in Air Magic
 45501 | Elf:2    | Reached skill level 23 in Earth Magic
 45545 | Elf:2    | Found a runed translucent gate.
 45547 | Elf:2    | Found a runed translucent gate.
 45548 | Elf:2    | Found a runed translucent gate.
 45660 | Elf:2    | Reached skill level 3 in Maces & Flails
 45662 | Elf:2    | Reached skill level 25 in Alchemy
 45709 | Elf:2    | Reached XP level 26. HP: 165/197 MP: 0/0
 45710 | Elf:2    | Reached skill level 12 in Shields
 46479 | Elf:2    | Reached skill level 4 in Maces & Flails
 46567 | Elf:3    | Entered Level 3 of the Elven Halls
 47278 | Elf:3    | Reached skill level 5 in Maces & Flails
 47341 | Elf:3    | Identified the +7 quarterstaff of Sigus {drain, rF+}
 47406 | Elf:3    | Identified the +3 chain mail of the Carpenter {Str+5
                  | Stlth+}
 47436 | Elf:3    | Identified the +3 trident of Yssotoroe {elec, rElec Will-
                  | Str+4 Stlth+}
 47437 | Elf:3    | Identified the +9 shortbow of Atteg {antimagic, ^Fragile
                  | rElec rF+++}
 47441 | Elf:3    | Identified the +2 mace "Perhiut" {pain, Will+ Str+3 Int+3}
 47463 | Elf:3    | Identified the amulet "Syet" {RegenMP Int+4}
 47500 | Elf:3    | Reached skill level 13 in Shields
 47999 | Elf:3    | Found a runed translucent gate.
 48004 | Elf:3    | Found a runed translucent gate.
 48004 | Elf:3    | Noticed jfitz's ghost (adept HOFi)
 48005 | Elf:3    | Found a runed translucent gate.
 48123 | Elf:3    | Found a viscous altar of Jiyva.
 48355 | Crypt:1  | Entered Level 1 of the Crypt
 48483 | Crypt:1  | Reached skill level 6 in Maces & Flails
 48491 | Crypt:1  | Noticed a curse skull
 48495 | Crypt:1  | Killed a curse skull
 48546 | Crypt:1  | Noticed a curse skull
 48551 | Crypt:1  | Killed a curse skull
 49364 | Crypt:2  | Noticed a curse skull
 49374 | Crypt:2  | Killed a curse skull
 49492 | Crypt:2  | Noticed Grunn
 49935 | Depths:1 | Entered Level 1 of the Depths
 49946 | Depths:1 | Reached skill level 26 in Alchemy
 50007 | Depths:1 | Reached skill level 7 in Maces & Flails
 50017 | Depths:1 | Found a runed translucent gate.
 50017 | Depths:1 | Found a runed translucent gate.
 50132 | Depths:1 | Found Touj's Antique Weapon Shop.
 50134 | Depths:1 | Found Adeutapa's General Store.
 50136 | Depths:1 | Found Piff's Magic Scroll Shop.
 50142 | Depths:1 | Bought a scroll of teleportation for 57 gold pieces
 50148 | Depths:1 | Bought a scroll of acquirement for 624 gold pieces
 50148 | Depths:1 | Bought a scroll of summoning for 114 gold pieces
 50158 | Depths:1 | Acquired a manual of Maces & Flails
 50183 | Depths:1 | Reached skill level 14 in Shields
 50187 | Depths:1 | Reached XP level 27. HP: 158/203 MP: 0/0
 50187 | Depths:1 | Learned a level 9 spell: Chain Lightning
 50272 | Depths:1 | Found a gateway to Hell.
 50306 | Depths:1 | Identified the granite talisman of Fyirixus {Will- rCorr
                  | Str+8 Stlth-}
 50546 | Depths:1 | Found a runed translucent gate.
 50692 | Depths:1 | Reached skill level 6 in Armour
 51003 | Depths:2 | Reached skill level 8 in Maces & Flails
 51005 | Depths:2 | Found a one-way gate to the infinite horrors of the Abyss.
 51010 | Depths:2 | Reached skill level 7 in Armour
 51063 | Depths:2 | Noticed a juggernaut
 51073 | Depths:2 | Killed a juggernaut
 51134 | Depths:2 | Found the +8 Vampire's Tooth {megavamp}
 51263 | Depths:2 | Reached skill level 8 in Armour
 51403 | Depths:2 | Reached skill level 9 in Maces & Flails
 51557 | Depths:2 | Found a one-way gate leading to the halls of Pandemonium.
 51817 | Depths:3 | Reached skill level 9 in Armour
 52007 | Depths:3 | Reached skill level 24 in Spellcasting
 52007 | Depths:3 | Reached skill level 24 in Conjurations
 52007 | Depths:3 | Reached skill level 24 in Hexes
 52007 | Depths:3 | Reached skill level 24 in Summonings
 52007 | Depths:3 | Reached skill level 24 in Necromancy
 52007 | Depths:3 | Reached skill level 24 in Translocations
 52007 | Depths:3 | Reached skill level 24 in Fire Magic
 52007 | Depths:3 | Reached skill level 24 in Ice Magic
 52007 | Depths:3 | Reached skill level 24 in Air Magic
 52007 | Depths:3 | Reached skill level 24 in Earth Magic
 52460 | Depths:3 | Reached skill level 10 in Maces & Flails
 52491 | Depths:3 | Reached skill level 10 in Armour
 52577 | Depths:3 | You are sucked into a shaft and drop 1 floor!
 52577 | Depths:4 | Entered Level 4 of the Depths
 52619 | Depths:4 | Reached skill level 11 in Maces & Flails
 52619 | Depths:4 | Reached skill level 27 in Alchemy
 53062 | Depths:4 | Reached skill level 12 in Maces & Flails
 53130 | Depths:4 | Identified the +7 scale mail of Immorality {Fly}
 53377 | Depths:4 | Found a one-way gateway to a ziggurat.
 53418 | Depths:4 | Found a gate to the Realm of Zot.
 53584 | Depths:3 | Noticed a caustic shrike
 53584 | Depths:3 | Noticed a caustic shrike
 53584 | Depths:3 | Noticed a caustic shrike
 53584 | Depths:3 | Noticed a juggernaut
 53750 | Depths:3 | Reached skill level 13 in Maces & Flails
 53918 | Depths:3 | Killed a caustic shrike
 53920 | Depths:3 | Killed a caustic shrike
 53982 | Depths:3 | Killed a juggernaut
 53983 | Depths:3 | Killed a caustic shrike
 54061 | Depths:3 | Reached skill level 14 in Maces & Flails
 55191 | Vaults:5 | Entered Level 5 of the Vaults
 55203 | Vaults:5 | Noticed a dread lich
 55208 | Vaults:5 | Reached skill level 25 in Spellcasting
 55208 | Vaults:5 | Reached skill level 25 in Conjurations
 55208 | Vaults:5 | Reached skill level 25 in Hexes
 55208 | Vaults:5 | Reached skill level 25 in Summonings
 55208 | Vaults:5 | Reached skill level 25 in Necromancy
 55208 | Vaults:5 | Reached skill level 25 in Translocations
 55208 | Vaults:5 | Reached skill level 25 in Fire Magic
 55208 | Vaults:5 | Reached skill level 25 in Ice Magic
 55208 | Vaults:5 | Reached skill level 25 in Air Magic
 55208 | Vaults:5 | Reached skill level 25 in Earth Magic
 55482 | Vaults:5 | Killed a dread lich
 55483 | Vaults:5 | Reached skill level 15 in Shields
 55544 | Vaults:5 | Noticed a dread lich
 55638 | Vaults:4 | Killed a dread lich
 55768 | Vaults:5 | Noticed an ancient lich
 55769 | Vaults:5 | Noticed an ancient lich
 55917 | Vaults:5 | Killed an ancient lich
 55917 | Vaults:5 | Killed an ancient lich
 55992 | Vaults:5 | Noticed a dread lich
 55998 | Vaults:4 | Reached skill level 15 in Maces & Flails
 56141 | Vaults:5 | Killed a dread lich
 56693 | Vaults:5 | Found the +7 Spriggan's Knife {stab, EV+4 Stlth+}
 56959 | Vaults:5 | Identified the +1 plate armour of Henotheism {-Tele Fly
                  | Will++ Dex+2}
 56959 | Vaults:5 | Identified the ring "Fammuban" {Ice Int+2 Stlth+}
 57029 | Vaults:5 | Got a silver rune of Zot
 57150 | Vaults:5 | Identified the +6 long sword of Growth {heavy, +Blink rF+
                  | Str+3 Stlth+}
 57167 | Vaults:5 | Identified the +3 leather armour of Focus {Dex+3}
 57312 | Vaults:5 | Identified the +8 dagger "Ofysu" {drain, Str+3 Dex+3}
 57411 | Vaults:5 | Identified the staff of Spite {rC+ rN+ MP+9 Int-2 Ice}
 57567 | Vaults:5 | Identified the +9 glaive "Egraisk" {venom, rN+ rCorr}
 57862 | Zot:1    | Entered Level 1 of the Realm of Zot
 57862 | Zot:1    | Noticed an electric golem
 57866 | Zot:1    | Reached skill level 16 in Maces & Flails
 57867 | Zot:1    | Killed an electric golem
 57872 | Zot:1    | Noticed an orb of fire
 57890 | Zot:1    | Found a transporter.
 57895 | Zot:1    | Noticed Civybe Ogenn's ghost (legendary DsFi)
 57921 | Zot:1    | HP: 11/197 [arc of chain lightning (3)]
 57922 | Zot:1    | HP: 2/197 [arc of chain lightning (1)]
 57946 | Zot:1    | HP: 6/201 [purple draconian/bolt of dispelling energy (33)]
 57952 | Zot:1    | HP: 12/201 [arc of chain lightning (3)]
 57952 | Zot:1    | HP: 4/201 [golden dragon/bolt of cold (10)]
 58110 | Zot:1    | Noticed a Killer Klown
 58244 | Zot:1    | Reached skill level 26 in Spellcasting
 58244 | Zot:1    | Reached skill level 26 in Conjurations
 58244 | Zot:1    | Reached skill level 26 in Hexes
 58244 | Zot:1    | Reached skill level 26 in Summonings
 58244 | Zot:1    | Reached skill level 26 in Necromancy
 58244 | Zot:1    | Reached skill level 26 in Translocations
 58244 | Zot:1    | Reached skill level 26 in Fire Magic
 58244 | Zot:1    | Reached skill level 26 in Ice Magic
 58244 | Zot:1    | Reached skill level 26 in Air Magic
 58244 | Zot:1    | Reached skill level 26 in Earth Magic
 58388 | Zot:1    | Found a transporter.
 58578 | Zot:1    | HP: 15/203 [arc of chain lightning (7)]
 58712 | Zot:1    | Killed an orb of fire
 59699 | Elf:3    | Killed jfitz's ghost
 60471 | Depths:1 | Reached skill level 17 in Maces & Flails
 60493 | Depths:1 | Found a runed translucent gate.
 60493 | Depths:1 | Found a runed translucent gate.
 60496 | Depths:1 | Noticed Lucarghiu's ghost (veteran GnWn)
 60501 | Depths:1 | Found a runed translucent gate.
 60513 | Depths:1 | Killed Lucarghiu's ghost
 61108 | Depths:1 | Identified the +0 hat of Untold Secrets {rPois Str+3 Dex+2}
 61775 | Hell     | Entered the Vestibule of Hell
 61776 | Hell     | Noticed Geryon
 61779 | Hell     | Reached skill level 11 in Armour
 61782 | Hell     | Killed Geryon
 61841 | Hell     | Reached skill level 12 in Armour
 62551 | Elf:1    | You paid a toll of the horn of Geryon to enter a treasure
                  | trove
 62552 | Trove    | Entered a treasure trove
 62561 | Trove    | Identified the ring of the Invisible Hand {rPois rC++ AC+4
                  | Int-4 Stlth+}
 62566 | Trove    | Identified the ring of Nonniq {rElec rC+ rCorr Str+2 Int+6}
 62572 | Trove    | Identified the ring of Knowledge {rC+ Slay+3 SInv}
 62578 | Trove    | Identified the ring "Baulaacidi" {+Blink rPois rC++ rCorr
                  | Dex-3}
 62583 | Trove    | Identified the amulet "Oclips" {Reflect rF+ Str+3 SH+5
                  | SInv}
 63091 | Zot:3    | Noticed an orb of fire
 63094 | Zot:3    | Gained mutation: Armour fits poorly on your strangely
                  | shaped body. [an orb of fire]
 63096 | Zot:3    | Killed an orb of fire
 63098 | Zot:3    | Reached skill level 20 in Fighting
 63208 | Zot:3    | Reached skill level 13 in Armour
 63321 | Zot:3    | Reached skill level 27 in Spellcasting
 63321 | Zot:3    | Reached skill level 27 in Conjurations
 63321 | Zot:3    | Reached skill level 27 in Hexes
 63321 | Zot:3    | Reached skill level 27 in Summonings
 63321 | Zot:3    | Reached skill level 27 in Necromancy
 63321 | Zot:3    | Reached skill level 27 in Translocations
 63321 | Zot:3    | Reached skill level 27 in Fire Magic
 63321 | Zot:3    | Reached skill level 27 in Ice Magic
 63321 | Zot:3    | Reached skill level 27 in Air Magic
 63321 | Zot:3    | Reached skill level 27 in Earth Magic
 63884 | Zot:3    | Found a transporter.
 63946 | Zot:3    | Noticed an ancient lich
 63974 | Zot:3    | Noticed an orb of fire
 64184 | Zot:3    | Noticed a curse toe
 64382 | Zot:4    | Found a huge runed translucent gate.
 64382 | Zot:4    | Found a huge runed translucent gate.
 64382 | Zot:4    | Found a huge runed translucent gate.
 64382 | Zot:4    | Found a huge runed translucent gate.
 64382 | Zot:4    | Found a huge runed translucent gate.
 64382 | Zot:4    | Found a huge runed translucent gate.
 64382 | Zot:4    | Found a huge runed translucent gate.
 64382 | Zot:4    | Found a huge runed translucent gate.
 64382 | Zot:4    | Found a huge runed translucent gate.
 64383 | Zot:4    | Found a huge runed translucent gate.
 64383 | Zot:4    | Found a huge runed translucent gate.
 64697 | Zot:4    | Noticed Emoisch's ghost (adept MiFi)
 64698 | Zot:4    | Found a runed translucent door.
 64699 | Zot:4    | Found the +3 hat of Pondering {ponderous, Will+ MP+10
                  | Int+5}
 64761 | Zot:4    | Found a huge runed translucent gate.
 64764 | Zot:4    | Found a huge runed translucent gate.
 64765 | Zot:4    | Found a huge runed translucent gate.
 64765 | Zot:4    | Found a huge runed translucent gate.
 64765 | Zot:4    | Found a huge runed translucent gate.
 64765 | Zot:4    | Found a huge runed translucent gate.
 64769 | Zot:4    | Found a huge runed translucent gate.
 64770 | Zot:4    | Found a huge runed translucent gate.
 64771 | Zot:4    | Found a huge runed translucent gate.
 64771 | Zot:4    | Found a huge runed translucent gate.
 64774 | Zot:4    | Found a huge runed translucent gate.
 64776 | Zot:4    | Found a huge runed translucent gate.
 64776 | Zot:4    | Found a huge runed translucent gate.
 64777 | Zot:4    | Found a huge runed translucent gate.
 64783 | Zot:4    | Found a huge runed translucent gate.
 64784 | Zot:4    | Found a huge runed translucent gate.
 64785 | Zot:4    | Found a huge runed translucent gate.
 64786 | Zot:4    | Found a huge runed translucent gate.
 64786 | Zot:4    | Found a huge runed translucent gate.
 64791 | Zot:4    | Found a huge runed translucent gate.
 64792 | Zot:4    | Found a huge runed translucent gate.
 64792 | Zot:4    | Found a huge runed translucent gate.
 64792 | Zot:4    | Found a huge runed translucent gate.
 64792 | Zot:4    | Found a huge runed translucent gate.
 64794 | Zot:4    | Found a huge runed translucent gate.
 65095 | Zot:4    | Acquired a +2 eveningstar of holy wrath
 65153 | Zot:4    | Reached skill level 14 in Armour
 65622 | Zot:4    | Killed Emoisch's ghost
 65719 | Zot:4    | Noticed a dread lich
 65719 | Zot:4    | Noticed an orb of fire
 65719 | Zot:4    | Noticed an orb of fire
 65719 | Zot:4    | Noticed an orb of fire
 65719 | Zot:4    | Noticed a curse toe
 65719 | Zot:4    | Noticed an ancient lich
 65719 | Zot:4    | Noticed a dread lich
 65720 | Zot:4    | Noticed a curse toe
 65735 | Zot:4    | Killed a dread lich
 65736 | Zot:4    | Killed an orb of fire
 65737 | Zot:4    | Killed an orb of fire
 65846 | Zot:3    | Gained mutation: Your body sometimes deteriorates upon
                  | taking damage. [an orb of fire]
 65847 | Zot:3    | Killed an orb of fire
 65911 | Zot:3    | Reached skill level 21 in Fighting
 66014 | Zot:4    | Killed a dread lich
 66015 | Zot:4    | Reached skill level 15 in Armour
 66016 | Zot:4    | Killed a curse toe
 66016 | Zot:4    | Killed an ancient lich
 66073 | Zot:4    | Killed a curse toe
 66177 | Zot:5    | Entered Level 5 of the Realm of Zot
 66672 | Zot:5    | Noticed a Killer Klown
 66675 | Zot:5    | Killed a Killer Klown
 66681 | Zot:5    | Noticed a dread lich
 66685 | Zot:5    | Killed a dread lich
 66867 | Zot:5    | Reached skill level 16 in Armour
 66919 | Zot:5    | Noticed an orb of fire
 66919 | Zot:5    | Noticed an orb of fire
 66919 | Zot:5    | Noticed an orb of fire
 66919 | Zot:5    | Noticed a Killer Klown
 66921 | Zot:5    | Noticed a Killer Klown
 66922 | Zot:5    | Killed an orb of fire
 66923 | Zot:5    | Killed an orb of fire
 66924 | Zot:5    | Killed an orb of fire
 66928 | Zot:5    | Killed a Killer Klown
 66930 | Zot:5    | Noticed an orb of fire
 66931 | Zot:5    | Reached skill level 22 in Fighting
 66932 | Zot:5    | Killed a Killer Klown
 66932 | Zot:5    | Noticed a dread lich
 66934 | Zot:5    | Killed a dread lich
 66934 | Zot:5    | Noticed an electric golem
 66935 | Zot:5    | Killed an orb of fire
 66939 | Zot:5    | Killed an electric golem
 67055 | Zot:5    | Noticed an orb of fire
 67058 | Zot:5    | Killed an orb of fire
 67236 | Zot:5    | Noticed an orb of fire
 67243 | Zot:5    | Killed an orb of fire
 67355 | Zot:5    | Noticed an ancient lich
 67358 | Zot:5    | Killed an ancient lich
 67359 | Zot:5    | Reached skill level 17 in Armour
 67697 | Zot:5    | Identified the +2 shortbow of Piyliare {speed, Str+4}
 67736 | Zot:5    | Noticed an orb of fire
 67740 | Zot:5    | Gained mutation: You are strong-willed. (Will+) [an orb of
                  | fire]
 67741 | Zot:5    | Killed an orb of fire
 67741 | Zot:5    | Noticed an electric golem
 67748 | Zot:5    | Killed an electric golem
 68164 | Zot:5    | Got the Orb of Zot
 68337 | Depths:3 | Reached skill level 23 in Fighting
 68546 | D:11     | Noticed Joonenni the pandemonium lord
 68602 | D:8      | Noticed Ciygunof the pandemonium lord
 68604 | D:8      | Noticed Faguwn the pandemonium lord
 68608 | D:8      | Reached skill level 18 in Armour
 68610 | D:8      | Killed Faguwn the pandemonium lord
 68610 | D:8      | Killed Ciygunof the pandemonium lord
 68724 | D:2      | Noticed Tijoum the pandemonium lord
 68727 | D:2      | Killed Tijoum the pandemonium lord
 68805 | D:$      | Escaped with the Orb!

Vanquished Creatures
  3 pandemonium lords
  7 dread liches
  12 orbs of fire
  4 ancient liches
  A juggernaut (Depths:3)
  3 Killer Klowns (Zot:5)
  Vashnia (Snake:4)
  Geryon (Hell)
  2 curse toes (Zot:4)
  The ghost of Lucarghiu the Victor of a Thousand Battles, a veteran GnWn of Okawaru (Depths:1)
  8 golden dragons
  An iron giant (Zot:4)
  A Brimstone Fiend (D:8)
  The ghost of Emoisch the Slayer, an adept MiFi of Okawaru (Zot:4)
  3 electric golems
  A hellephant (D:4)
  26 tentacled monstrosities
  A walking earthen tome (Depths:4)
  26 Orb Guardians
  Jorgrun (D:13)
  A lich (Depths:2)
  2 deep elf blademasters (Elf:3)
  An acid blob (Elf:3)
  5 quicksilver dragons
  A walking frostbound tome (Depths:3)
  5 krakens
  The ghost of jfitz the Executioner, an adept HOFi of Beogh (Elf:3)
  9 titans
  5 sphinxes
  11 death cobs
  Kirke (Lair:3)
  The ghost of zeratav the Warrior, a journeyman OnWr of the Shining One (Elf:1)
  17 storm dragons
  5 shadow dragons
  4 tengu reavers
  6 fire giants
  Ilsuiw (Shoals:3)
  An azure jelly (Elf:3)
  7 draconian monks
  6 protean progenitors
  6 nagarajas
  4 draconian shifters
  7 draconian knights
  The ghost of Sarer the Severer, a journeyman MiBe of Trog (D:14)
  The ghost of Oneirical the Cryomancer, an adept FeFi of Cheibriados (Snake:3)
  9 frost giants
  6 deep elf sorcerers
  A ghost moth (Zot:5)
  2 iron dragons (Vaults:5)
  A deep elf elementalist (Elf:3)
  6 reapers (Hell)
  16 vault wardens
  2 orc warlords
  17 ironbound preservers
  20 very ugly things
  5 draconian scorchers
  6 draconian annihilators
  2 draconian stormcallers
  7 spriggan defenders
  A curse skull (Crypt:2)
  4 cacodemons (Depths:1)
  12 stone giants
  The ghost of promet the Eclecticist, an adept DEAl of Hepliaklqana (Shoals:3)
  A vampire knight (Depths:2)
  4 deep elf death magi
  8 green draconians
  5 ironbound thunderhulks
  2 caustic shrike skeletons (Hell)
  Nessos (D:13)
  9 black draconians
  6 purple draconians
  A putrid mouth (Hell)
  A halazid warlock (Desolation)
  7 deep elf annihilators
  3 war gargoyles
  A minotaur (Gauntlet)
  4 deep elf demonologists (Elf:3)
  2 lorocyprocas
  An orange crystal statue (WizLab)
  14 yellow draconians
  2 iron golems (Depths:4)
  11 red draconians
  10 white draconians
  An eidolon (Crypt:2)
  A blizzard demon (D:11)
  A crystal guardian (Vaults:4)
  A green death (Hell)
  3 merfolk impalers
  2 jiangshi (Crypt:1)
  8 deep elf high priests
  9 ettins
  4 fire dragons
  7 yaktaur captains
  Harold (Lair:2)
  An entropy weaver (Vaults:1)
  3 hydras
  3 ice dragons
  2 great orbs of eyes
  4 salamander tyrants
  3 rakshasas
  29 vault guards
  2 hell beasts
  Erolcha (Orc:2)
  2 spriggan air magi
  A peacekeeper (Vaults:4)
  6 ironbound frosthearts
  A catoblepas (Lair:5)
  8 centaur warriors
  11 anacondas
  3 merfolk aquamancers
  2 death knights
  5 boulder beetles
  3 ogre magi (Vaults:5)
  6 two-headed ogres
  A fenstrider witch skeleton (Hell)
  2 deep troll shamans
  13 dancing weapons
  10 death yaks
  14 naga warriors
  A merfolk avatar (Shoals:3)
  6 hell hogs (Hell)
  4 deep troll earth magi
  9 shock serpents
  2 demonic crawlers (Hell)
  4 orc high priests (Orc:2)
  20 hell knights
  15 naga sharpshooters
  3 spriggan berserkers
  Nergalle (D:11)
  4 tengu warriors
  5 sun demons (Hell)
  A vampire mage (Depths:4)
  8 deep elf knights
  Urug (D:13)
  6 skeletal warriors
  Amaemon (Lair:3)
  4 soul eaters (Hell)
  2 sixfirhies
  A spectral spark wasp (Depths:4)
  3 iron trolls (Depths:2)
  A shadow wraith (Hell)
  2 skysharks
  2 glowing orange brains (shapeshifter)
  2 spriggan riders (Depths:3)
  7 sea snakes
  13 mana vipers
  A bunyip skeleton (Crypt:1)
  A death drake (Gauntlet)
  A flayed ghost (Hell)
  A kraken simulacrum (Shoals:4)
  4 glowing orange brains
  Lodul (D:13)
  5 arcanists
  2 bog bodies (IceCv)
  5 salamander mystics
  24 deep trolls
  10 naga ritualists
  14 ironbound convokers
  2 snapping turtles (shapeshifter)
  3 harpies
  An orb spider (shapeshifter) (Vaults:5)
  3 necromancers (Hell)
  3 lindwurms
  Pikel (D:7)
  8 orc knights
  3 phantasmal warriors
  A sun moth (shapeshifter) (Depths:1)
  A deep elf archer (Elf:1)
  3 shadow demons
  10 deep elf zephyrmancers
  A steelbarb worm (shapeshifter) (Depths:4)
  12 deep elf pyromancers
  A stone giant zombie (Hell)
  13 salamanders
  5 orc sorcerers
  An oklob plant (Lair:3)
  A wolf spider (shapeshifter) (Depths:1)
  4 fauns (Shoals:3)
  23 ugly things
  6 cyclopes
  5 merfolk sirens
  A spectral centaur (Gauntlet)
  Maurice (D:8)
  6 manticores
  A meliai (D:14)
  32 moths of wrath
  A frost giant zombie (Vaults:2)
  6 elephants (Lair:2)
  A toenail golem (D:11)
  34 slime creatures
  A stone giant skeleton (Vaults:3)
  A frost giant skeleton (Vaults:2)
  4 eyes of devastation (Elf:3)
  Joseph (D:7)
  A fire giant skeleton (Vaults:3)
  2 rust devils
  36 black mambas
  2 guardian serpents (Snake:3)
  11 naga magi
  An ice statue (IceCv)
  4 kobold blastminers
  Maggie (D:8)
  12 vault sentinels
  2 orange demons
  A gargoyle (D:12)
  A cane toad (shapeshifter) (D:15)
  A water nymph (Shoals:4)
  5 torpor snails
  24 cane toads
  20 yaktaurs
  A kobold demonologist (D:13)
  6 rime drakes
  An anaconda simulacrum (IceCv)
  6 komodo dragons
  2 freezing wraiths
  A tormentor (Zot:2)
  2 yaktaur skeletons (Vaults:3)
  11 ice devils
  2 hydra zombies (Hell)
  3 tengu conjurers
  A troll (shapeshifter) (Vaults:5)
  2 harpy zombies (Hell)
  4 wind drakes
  2 red devils (Hell)
  10 polar bears
  7 trolls
  10 merfolk
  A queen bee (shapeshifter) (Depths:1)
  A hellwing (D:8)
  2 hornets (Depths:3)
  2 wolf spider simulacra (D:15)
  Grinder (D:5)
  5 tyrant leeches (Lair:5)
  21 blink frogs
  A saltling (Desolation)
  Prince Ribbit (Bailey)
  A glass eye (Depths:3)
  10 dream sheep
  A harpy skeleton (Hell)
  3 snapping turtles
  A tarantella zombie (Crypt:2)
  5 centaur simulacra
  A small abomination (D:2)
  Sigmund (D:5)
  2 yaks (shapeshifter) (Depths:1)
  A water elemental (Shoals:4)
  A ynoxinul (D:9)
  3 shadows (D:10)
  2 spriggans (Depths:3)
  2 vampires
  3 fire bats (Depths:4)
  A dire elephant simulacrum (IceCv)
  6 hogs (Lair:3)
  7 wraiths
  5 basilisks
  33 yaks
  2 golden eyes (shapeshifter)
  4 wyverns
  24 humans
  3 neqoxecs
  A fire elemental (Elf:2)
  4 golden eyes (Elf:3)
  A redback (shapeshifter) (Vaults:5)
  Menkaure (D:7)
  A swamp worm (shapeshifter) (D:15)
  A death yak simulacrum (IceCv)
  10 vampire mosquitoes
  A steam dragon (D:7)
  58 nagas
  A harpy simulacrum (IceCv)
  3 acid dragons
  17 water moccasins
  A glowing shapeshifter skeleton (Vaults:3)
  An ice beast (shapeshifter) (Depths:1)
  2 sky beasts (D:8)
  13 black bears
  6 ice beasts
  22 orc warriors
  6 ogres
  27 wolves
  A human skeleton (Vaults:3)
  4 boggarts
  7 centaurs
  4 lemures
  A phantom (D:5)
  3 kobold brigands
  18 bullfrogs
  An earth elemental (Elf:3)
  A gnoll sergeant (D:12)
  A cane toad simulacrum (IceCv)
  2 necrophages (Crypt:1)
  4 scorpions
  5 two-headed ogre simulacra (IceCv)
  3 hornet simulacra
  A human simulacrum (Vaults:2)
  A raiju zombie (Crypt:2)
  An elephant simulacrum (IceCv)
  12 killer bees
  6 electric eels
  7 howler monkeys
  4 lava snakes (Lair:2)
  2 bombardier beetles
  3 centaur zombies
  2 jellies
  12 orc priests
  6 hounds
  A sleepcap (D:8)
  10 hell rats
  24 orc wizards
  4 polar bear simulacra (IceCv)
  6 spriggan simulacra
  8 troll simulacra (IceCv)
  2 wolf simulacra (IceCv)
  A killer bee zombie (D:8)
  An ogre zombie (D:8)
  Robin (D:2)
  A mummy (D:8)
  4 gnolls (D:12)
  7 naga simulacra (IceCv)
  6 adders
  4 river rats
  A shadow imp (D:6)
  7 white imps
  8 ufetubi
  2 dart slugs (D:2)
  4 ribbon worms
  76 orcs
  5 bats
  6 endoplasms
  7 giant cockroaches
  20 goblins
  8 hobgoblins
  9 jackals
  28 kobolds
  4 quokkas
  6 ball pythons
  A ball python zombie (Crypt:2)
  6 frilled lizards
  29 rats
  11 aspiring fleshes (Zot:3)
  5 ball lightnings (D:2)
  17 tentacles
1977 creatures vanquished.

Vanquished Creatures (collateral kills)
  Mennas (Vaults:4)
  A juggernaut (Depths:2)
  3 caustic shrikes (Depths:3)
  The ghost of zenocrate the Imperceptible, a veteran KoDe of Gozag (Vaults:4)
  3 golden dragons (Depths:3)
  Jory (Vaults:3)
  Rupert (D:14)
  A tentacled monstrosity (Depths:2)
  A walking crystal tome (Depths:3)
  A titan (Depths:3)
  The ghost of Wyifuy the Slayer, an adept MiFi of Okawaru (Snake:2)
  A deep elf master archer (Elf:3)
  5 ancient champions
  A sphinx (Vaults:4)
  A storm dragon (Depths:3)
  A shadow dragon (Zot:1)
  A revenant (Crypt:1)
  3 fire giants (Depths:3)
  3 frost giants
  A deep elf sorcerer (Elf:3)
  7 vault wardens
  2 imperial myrmidons (Desolation)
  An iron dragon (Depths:2)
  3 ghouls (Crypt:1)
  6 ironbound preservers
  2 curse skulls (Crypt:1)
  An orc warlord (Vaults:4)
  5 deep elf elementalists (Elf:3)
  6 stone giants
  8 very ugly things
  2 ironbound thunderhulks
  3 deep elf demonologists (Elf:3)
  3 deep elf death magi
  2 halazid warlocks (Desolation)
  2 vampire knights
  3 war gargoyles
  8 dire elephants
  2 merfolk javelineers (Shoals:4)
  5 merfolk impalers
  3 ettins
  5 crystal guardians
  2 fire dragons
  4 jiangshi
  A deep elf high priest (Elf:3)
  3 ice dragons
  8 ragged hierophants (Desolation)
  8 yaktaur captains
  4 vault guards (Vaults:3)
  3 great orbs of eyes
  4 rakshasas
  4 spriggan air magi
  4 ironbound frosthearts
  4 servants of whispers (Desolation)
  13 peacekeepers
  3 merfolk avatars
  2 anacondas (Snake:1)
  4 merfolk aquamancers
  A satyr (Shoals:3)
  A centaur warrior (Vaults:2)
  2 death knights (Crypt:1)
  3 deep troll shamans
  22 dancing weapons
  3 tengu warriors
  3 vampire magi
  4 deep troll earth magi
  3 spriggan berserkers
  2 alligator snapping turtles
  10 hell knights
  A shock serpent (Snake:1)
  5 deep elf knights
  A titan skeleton (Vaults:3)
  A skyshark (Shoals:1)
  An iron troll (Depths:4)
  16 skeletal warriors
  5 sea snakes
  24 deep trolls
  4 mana vipers
  3 arcanists
  2 glowing orange brains (Depths:2)
  An obsidian statue (Shoals:3)
  5 necromancers
  10 deep elf zephyrmancers
  3 phantasmal warriors (Crypt:1)
  A spriggan rider (Depths:3)
  14 harpies
  5 deep elf archers
  16 ironbound convokers
  6 lindwurms
  17 ugly things
  A glowing shapeshifter (Vaults:2)
  2 fauns (Shoals:1)
  11 deep elf pyromancers
  3 salamanders
  A stone giant skeleton (Vaults:3)
  3 black mambas
  7 merfolk sirens
  2 cyclopes
  4 manticores
  2 frost giant skeletons
  12 vault sentinels
  5 water nymphs
  A molten gargoyle (Desolation)
  10 yaktaurs
  2 tengu conjurers
  2 freezing wraiths (Crypt:1)
  3 wind drakes
  46 saltlings (Desolation)
  4 dream sheep
  15 merfolk
  A hornet (Depths:3)
  A satyr zombie (Crypt:1)
  A glass eye (Depths:2)
  8 snapping turtles
  15 slime creatures
  A centaur simulacrum (D:15)
  3 wraiths (Crypt:1)
  A spriggan (Depths:3)
  10 water elementals
  2 fire dragon skeletons (Crypt:1)
  4 fire elementals
  A fire bat (Depths:4)
  A naga (shapeshifter) (Elf:1)
  An entropy weaver zombie (Crypt:1)
  2 nagas (Snake:1)
  A glowing shapeshifter skeleton (Vaults:3)
  4 earth elementals
  An iguana (D:6)
  A swamp drake skeleton (Crypt:1)
  A dart slug (D:4)
  2 jackals (D:3)
  A quokka zombie (Crypt:1)
576 creatures vanquished.

Vanquished Creatures (others)
  A ghost moth (Zot:1)
  A warg (Vaults:5)
  A polar bear zombie (Orc:1)
  A hound zombie (D:6)
  An ufetubus (D:8)
  16 ball lightnings
  20 tentacles
41 creatures vanquished.

Grand Total: 2594 creatures vanquished

Table legend: (Time is in decaauts)
 A = Elapsed time spent in this place.
 B = Non-inter-level travel time spent in this place.
 C = Inter-level travel time spent in this place.
 D = Time resting spent in this place.
 E = Time spent auto-exploring this place.
 F = Levels seen in this place.
 G = Mean time per level.
                   A        B        C        D        E       F      G
               +--------+--------+--------+--------+--------+-----+--------+
         Total |  69191 |  61847 |   7344 |   8254 |  36383 |  57 | 1213.9 |
       Dungeon |  17578 |  14713 |   2865 |   1353 |   9736 |  15 | 1171.9 |
          Lair |   6663 |   5840 |    823 |    330 |   4044 |   5 | 1332.6 |
        Shoals |   3844 |   3659 |    185 |    102 |   2315 |   4 |  961.0 |
     Snake Pit |   6252 |   5581 |    671 |    315 |   3646 |   4 | 1563.0 |
  Orcish Mines |   2052 |   1772 |    280 |    248 |    907 |   2 | 1026.0 |
   Elven Halls |   4670 |   4267 |    403 |    358 |   2676 |   3 | 1556.7 |
        Vaults |   9806 |   8747 |   1059 |   1678 |   4627 |   5 | 1961.2 |
         Crypt |   1413 |   1374 |     39 |     83 |    801 |   2 |  706.5 |
        Depths |   6000 |   5318 |    682 |   1143 |   2987 |   4 | 1500.0 |
          Hell |     67 |     67 |      0 |     15 |      0 |   1 |   67.0 |
           Zot |   7353 |   7022 |    331 |   2567 |   3109 |   5 | 1470.6 |
         Trove |     49 |     49 |      0 |      0 |      2 |   1 |   49.0 |
         Sewer |    569 |    569 |      0 |      0 |    365 |   1 |  569.0 |
        Bailey |    378 |    378 |      0 |      2 |    187 |   1 |  378.0 |
      Ice Cave |    741 |    741 |      0 |     37 |    415 |   1 |  741.0 |
        Wizlab |    523 |    523 |      0 |     14 |    114 |   1 |  523.0 |
    Desolation |    843 |    843 |      0 |      0 |    324 |   1 |  843.0 |
      Gauntlet |    379 |    379 |      0 |      8 |    127 |   1 |  379.0 |
               +--------+--------+--------+--------+--------+-----+--------+

Top non-repeatable levels by time:
Vaults:4: 3274 daAuts
   Zot:4: 2099 daAuts
Vaults:3: 2044 daAuts
 Snake:4: 1968 daAuts
  Lair:2: 1964 daAuts
Depths:1: 1801 daAuts
   Elf:3: 1768 daAuts
  Lair:5: 1718 daAuts
 Snake:3: 1708 daAuts
Depths:3: 1689 daAuts
   Zot:1: 1680 daAuts
   Zot:5: 1592 daAuts
 Snake:2: 1573 daAuts
Vaults:2: 1559 daAuts
    D:14: 1551 daAuts

Table legend:
 A = Non-vault XP
 B = Vault XP
 C = Vault XP percentage of total XP
 D = Non-vault monster count
 E = Vault monster count
 F = Vault count percentage of total count
                 A         B        C        D         E       F
            +---------+---------+-------+---------+---------+-------
      Total |  719283 |  868259 |  54.7 |    1350 |    1143 |  45.8
            +---------+---------+-------+---------+---------+-------
        D:1 |      23 |       0 |   0.0 |      13 |       0 |   0.0
        D:2 |      69 |      46 |  40.0 |      18 |      14 |  43.8
        D:3 |      38 |       2 |   5.0 |      22 |       1 |   4.3
        D:4 |     187 |      89 |  32.2 |       8 |       9 |  52.9
        D:5 |     718 |     506 |  41.3 |      11 |       3 |  21.4
        D:6 |    1067 |       0 |   0.0 |      24 |       0 |   0.0
        D:7 |     961 |    1504 |  61.0 |      25 |       5 |  16.7
        D:8 |    1097 |    1108 |  50.2 |      18 |       7 |  28.0
        D:9 |    1829 |    2122 |  53.7 |      14 |      14 |  50.0
       D:10 |    2119 |     813 |  27.7 |      16 |       1 |   5.9
       D:11 |    3806 |     785 |  17.1 |      11 |       1 |   8.3
       D:12 |    5448 |     995 |  15.4 |      23 |      20 |  46.5
       D:13 |    7026 |    7830 |  52.7 |      16 |      21 |  56.8
       D:14 |    5276 |   12676 |  70.6 |      13 |      17 |  56.7
       D:15 |    8002 |    6357 |  44.3 |      17 |      19 |  52.8
     Lair:1 |    2996 |    1862 |  38.3 |      15 |       5 |  25.0
     Lair:2 |   10399 |    4474 |  30.1 |      34 |      18 |  34.6
     Lair:3 |    5530 |    3830 |  40.9 |      28 |       9 |  24.3
     Lair:4 |    8796 |       0 |   0.0 |      35 |       0 |   0.0
     Lair:5 |   17168 |   10691 |  38.4 |      43 |      38 |  46.9
   Shoals:1 |   11424 |    1608 |  12.3 |      22 |       1 |   4.3
   Shoals:2 |    4280 |    6034 |  58.5 |       7 |       4 |  36.4
   Shoals:3 |   13445 |    7358 |  35.4 |      31 |      13 |  29.5
   Shoals:4 |   11432 |   19156 |  62.6 |      26 |      35 |  57.4
    Snake:1 |   15102 |       0 |   0.0 |      30 |       0 |   0.0
    Snake:2 |   16000 |    8223 |  33.9 |      30 |      11 |  26.8
    Snake:3 |   30225 |    2475 |   7.6 |      55 |       3 |   5.2
    Snake:4 |   24847 |   27075 |  52.1 |      58 |      42 |  42.0
      Orc:1 |    4577 |    2275 |  33.2 |      24 |       8 |  25.0
      Orc:2 |    5165 |    9219 |  64.1 |      38 |      24 |  38.7
      Elf:1 |   11021 |    3142 |  22.2 |      17 |       5 |  22.7
      Elf:2 |   20658 |   26987 |  56.6 |      33 |      36 |  52.2
      Elf:3 |   12644 |   43181 |  77.4 |      26 |      44 |  62.9
   Vaults:1 |   33909 |    6207 |  15.5 |      45 |       8 |  15.1
   Vaults:2 |   20660 |   10570 |  33.8 |      32 |      13 |  28.9
   Vaults:3 |   18024 |   58000 |  76.3 |      33 |      77 |  70.0
   Vaults:4 |   36430 |   43980 |  54.7 |      51 |      42 |  45.2
   Vaults:5 |   16865 |  115464 |  87.3 |      25 |      97 |  79.5
    Crypt:1 |   33969 |       0 |   0.0 |      50 |       0 |   0.0
    Crypt:2 |    8175 |       0 |   0.0 |      12 |       0 |   0.0
   Depths:1 |   26124 |   26112 |  50.0 |      27 |      25 |  48.1
   Depths:2 |   20385 |   17845 |  46.7 |      27 |      14 |  34.1
   Depths:3 |     743 |  109265 |  99.3 |       3 |     103 |  97.2
   Depths:4 |   29896 |   24020 |  44.6 |      37 |      22 |  37.3
       Hell |   32472 |   11402 |  26.0 |      51 |      16 |  23.9
      Zot:1 |   48378 |   27375 |  36.1 |      41 |      20 |  32.8
      Zot:2 |   25621 |       0 |   0.0 |      20 |       0 |   0.0
      Zot:3 |   38945 |    9208 |  19.1 |      38 |       5 |  11.6
      Zot:4 |   22916 |   37864 |  62.3 |      17 |      13 |  43.3
      Zot:5 |   41528 |  104171 |  71.5 |      36 |      41 |  53.2
      Sewer |       0 |     321 | 100.0 |       0 |      54 | 100.0
     Bailey |       0 |    4130 | 100.0 |       0 |      22 | 100.0
      IceCv |       0 |    5377 | 100.0 |       0 |      54 | 100.0
     WizLab |       0 |     969 | 100.0 |       0 |       1 | 100.0
 Desolation |       0 |   39804 | 100.0 |       0 |      78 | 100.0
   Gauntlet |     868 |    3752 |  81.2 |       4 |      10 |  71.4
            +---------+---------+-------+---------+---------+-------
